 Dungeon Crawl Stone Soup version 0.30.1-11-g7821555f0a (webtiles) character file.

Game seed: 9478754827138747546

17535761 comborobin the Slayer (level 27, 271/271 HPs)
             Began as a Minotaur Delver on Nov 20, 2023.
             Was the Champion of Cheibriados.
             Escaped with the Orb
             ... and 15 runes on Dec 4, 2023!
             The game lasted 04:16:06 (88891 turns).

comborobin the Slayer (Minotaur Delver)            Turns: 88891, Time: 04:16:07

Health: 271/271    AC: 56    Str: 39    XL:     27
Magic:  35/41      EV: 40    Int: 33    God:    Cheibriados [******]
Gold:   8119       SH:  0    Dex: 31    Spells: 1/57 levels left

rFire   + . .        a - +10 dark maul {heavy}
rCold   + + +        (shield currently unavailable)
rNeg    + + +        C - +14 ice dragon scales "Dihur" {rF- rC++ Slay+4 Stlth-}
rPois   ∞            M - +2 hat {Will+}
rElec   .            R - +4 dragonskin cloak
rCorr   .            h - +2 pair of gloves {Str+3}
SInv    +            N - +2 pair of boots {Stlth+}
Will    ++++.        V - amulet of Vitality {RegenMP++ Regen++}
Stlth   +            x - ring "Oganovups" {rF+ Int+5 SInv}
HPRegen 2.25/turn    u - ring of Vele {rPois rF+ rN+}
MPRegen 1.07/turn

%: no passive effects
@: mighty, lich-form, studying 4 skills, very slow
A: draining attack, torment immunity, no potions, horns 2, retaliatory headbutt,
deterioration 1, mutation resistance 1
0: Orb of Zot
}: 15/15 runes: decaying, serpentine, slimy, silver, golden, iron, obsidian,
icy, bone, abyssal, demonic, glowing, magical, fiery, dark
a: End Transformation, Renounce Religion, Bend Time, Temporal Distortion,
Slouch, Step From Time


You escaped.
You worshipped Cheibriados.
Cheibriados was exalted by your worship.
You were an undead lich.
You visited 18 branches of the dungeon, and saw 88 of its levels.
You visited Pandemonium 5 times, and saw 49 of its levels.
You visited the Abyss 11 times.
You also visited: Bailey, Gauntlet and Ice Cave.

You collected 16737 gold pieces.
You spent 8618 gold pieces at shops.

Inventory:

Hand Weapons
 a - the +10 dark maul (weapon) {heavy}
   (You took it off a two-headed ogre on level 1 of the Orcish Mines)
 b - a +7 vampiric executioner's axe
 L - the +13 sceptre of Asmodeus
   (You took it off Asmodeus on level 7 of Gehenna)

   Fire Summon: It may summon demons of flame and damnation when striking foes.
Missiles
 p - 7 silver javelins
 B - 23 javelins (quivered)
 S - a throwing net
Armour
 h - a +2 pair of gloves of strength (worn)
 C - the +14 ice dragon scales "Dihur" (worn) {rF- rC++ Slay+4 Stlth-}
   (You found it on level 5 of the Pits of Slime)

   Slay:      It affects your accuracy & damage with ranged weapons and melee
   (+4).
   rF:        It makes you vulnerable to fire.
   rC:        It greatly protects you from cold.
   Stlth:     It makes you less stealthy.
 H - a +2 cloak of preservation
 M - a +2 hat of willpower (worn)
 N - a +2 pair of boots of stealth (worn)
 R - the +4 dragonskin cloak (worn)
   (You took it off Tiamat on level 1 of the Realm of Zot)

   Avatar's Aegis: It grants the wearer a chance to resist fire, cold, poison,
   electricity, acid, and negative energy.
 W - the +0 pair of gloves of Abstinence {rC+}
   (You bought it in a shop on level 1 of the Elven Halls)

   rC:        It protects you from cold.
 Y - +8 fire dragon scales
Jewellery
 f - the ring "Xiakh" {rN+++ MP+9}
   (You found it in Pandemonium)

   [ring of magical power]

   rN:        It renders you almost immune to negative energy.
   MP:        It affects your magic capacity (+9).
 n - a ring of protection from fire
 u - the ring of Vele (right hand) {rPois rF+ rN+}
   (You found it on level 4 of the Swamp)

   [ring of positive energy]

   rF:        It protects you from fire.
   rPois:     It protects you from poison.
   rN:        It protects you from negative energy.
 w - the ring "Imyanke" {rElec rPois EV+5}
   (You bought it in a shop on level 1 of the Depths)

   [ring of evasion]

   EV:        It affects your evasion (+5).
   rElec:     It insulates you from electricity.
   rPois:     It protects you from poison.
 x - the ring "Oganovups" (left hand) {rF+ Int+5 SInv}
   (You took it off a seraph in Pandemonium)

   [ring of protection from fire]

   Int:       It affects your intelligence (+5).
   rF:        It protects you from fire.
   SInv:      It lets you see invisible.
 I - the ring "Ovvy" {Will+ Int+5}
   (You found it in Pandemonium)

   [ring of willpower]

   Int:       It affects your intelligence (+5).
   Will:      It increases your willpower.
 O - the ring "Damnable Contraption" {rC+ rN+ AC+4 Int+3 Dex-2}
   (You found it on level 5 of the Vaults)

   [ring of protection]

   AC:        It affects your AC (+4).
   Int:       It affects your intelligence (+3).
   Dex:       It affects your dexterity (-2).
   rC:        It protects you from cold.
   rN:        It protects you from negative energy.
 Q - the ring "Kyhitreg" {rPois Int+6}
   (You found it in a Gauntlet)

   [ring of intelligence]

   Int:       It affects your intelligence (+6).
   rPois:     It protects you from poison.
 U - the ring "Zathrin" {rN+ Will+ MP+9}
   (You found it on level 7 of Tartarus)

   [ring of magical power]

   rN:        It protects you from negative energy.
   MP:        It affects your magic capacity (+9).
   Will:      It increases your willpower.
 V - the amulet of Vitality (around neck) {RegenMP++ Regen++}
   (You bought it in a shop on level 1 of the Elven Halls)

   [amulet of magic regeneration]

   It increases your rate of magic regeneration.
   Regen:     It increases your rate of health regeneration.
Wands
 g - a wand of digging (31)
Scrolls
 c - 11 scrolls of fog
 d - 9 scrolls of blinking
 e - 13 scrolls of fear
 i - 11 scrolls of amnesia
 l - 7 scrolls of enchant weapon
 o - 10 scrolls of immolation
 q - 7 scrolls of silence
 s - 27 scrolls of teleportation
 y - 5 scrolls of magic mapping
 z - 18 scrolls of poison
 D - a scroll of torment
 G - 15 scrolls of vulnerability
 P - 5 scrolls of summoning
Potions
 j - 14 potions of heal wounds
 k - 16 potions of brilliance
 m - 10 potions of flight
 r - 23 potions of ambrosia
 t - 31 potions of curing
 v - 5 potions of resistance
 A - 12 potions of magic
 E - 8 potions of invisibility
 F - 17 potions of lignification
 J - 3 potions of mutation
 T - 2 potions of might
 X - 6 potions of cancellation
 Z - 18 potions of attraction
Miscellaneous
 K - a figurine of a ziggurat


   Skills:
 - Level 26.9 Fighting
 - Level 19.4(24.4) Axes
 - Level 24.6(27) Maces & Flails
 - Level 24.3 Throwing
 - Level 26.9 Armour
 - Level 26.5 Dodging
 - Level 4.1 Stealth
 + Level 15.7 Spellcasting
 - Level 24.9 Necromancy
 - Level 13.0 Translocations
 - Level 17.0 Transmutations
 - Level 25.0 Earth Magic
 - Level 19.1 Invocations


You had one spell level left.
You knew the following spells:

 Your Spells              Type           Power      Damage    Failure   Level
g - Sublimation of Blood  Necr           100%       N/A       0%          2
h - Passage of Golubria   Tloc           84%        N/A       1%          4
n - Lesser Beckoning      Tloc           100%       N/A       0%          2
w - Passwall              Tmut/Erth      87%        N/A       0%          2
A - Apportation           Tloc           100%       N/A       0%          1
B - Blink                 Tloc           100%       N/A       0%          2
D - Death Channel         Necr           68%        N/A       0%          6
F - Infestation           Necr           68%        N/A       1%          8
H - Shatter               Erth           56%        3d42*     7%          9
M - Manifold Assault      Tloc           84%        N/A       1%          4
N - Necromutation         Tmut/Necr      64%        N/A       2%          8
S - Wereblood             Tmut           95%        N/A       0%          2
T - Statue Form           Tmut/Erth      70%        N/A       1%          6

Your spell library contained the following spells:

 Spells                   Type           Power      Damage    Failure   Level
 Beastly Appendage        Tmut           100%       N/A       0%          1
 Kiss of Death            Conj/Necr      100%       2d13      0%          1
 Necrotise                Necr           100%       1d9       0%          1
 Sandblast                Erth           100%       2d20      0%          1
 Foxfire                  Conj/Fire      100%       2x1d9     1%          1
 Magic Dart               Conj           100%       1d8       1%          1
 Shock                    Conj/Air       100%       1d9       1%          1
 Slow                     Hex            100%       N/A       1%          1
 Sting                    Tmut/Pois      100%       1d8       1%          1
 Summon Small Mammal      Summ           100%       N/A       1%          1
 Vampiric Draining        Necr           100%       2d13      0%          3
 Animate Dead             Necr           100%       N/A       0%          4
 Dispel Undead            Necr           100%       3d31      0%          4
 Petrify                  Tmut/Erth      100%       N/A       0%          4
 Agony                    Necr           100%       N/A       0%          5
 Borgnjor's Vile Clutch   Necr/Erth      68%        N/A       0%          5
 Lee's Rapid Deconstruct  Erth           56%        3d26*     0%          5
 Cigotuvi's Dreadful Rot  Necr/Pois/Air  100%       N/A       1%          2
 Momentum Strike          Conj/Tloc      100%       3d10      1%          2
 Gell's Gravitas          Tloc           84%        N/A       1%          3
 Ignite Poison            Fire/Tmut/Pois 59%        N/A       1%          3
 Portal Projectile        Hex/Tloc       100%       N/A       1%          3
 Spider Form              Tmut/Pois      70%        N/A       1%          3
 Stone Arrow              Conj/Erth      100%       3d13      1%          3
 Teleport Other           Tloc           84%        N/A       1%          3
 Vhi's Electric Charge    Tloc/Air       100%       N/A       1%          3
 Anguish                  Hex/Necr       52%        N/A       1%          4
 Ice Form                 Ice/Tmut       70%        N/A       1%          4
 Leda's Liquefaction      Hex/Erth       41%        N/A       1%          4
 Alistair's Intoxication  Tmut/Pois      46%        N/A       1%          5
 Blade Hands              Tmut           47%        N/A       1%          5
 Irradiate                Conj/Tmut      35%        3d23      1%          5
 Yara's Violent Unravell  Hex/Tmut       35%        3d14      1%          5
 Dispersal                Tloc           42%        N/A       1%          6
 Iron Shot                Conj/Erth      41%        9d8       1%          6
 Simulacrum               Ice/Necr       52%        N/A       1%          6
 Dragon Form              Tmut           47%        N/A       1%          7
 Borgnjor's Revivificati  Necr           68%        N/A       1%          8
 Call Imp                 Summ           50%        N/A       3%          2
 Ensorcelled Hibernation  Hex/Ice        50%        N/A       3%          2
 Poisonous Vapours        Pois/Air       50%        N/A       3%          2
 Searing Ray              Conj           50%        2d6       3%          2
 Static Discharge         Conj/Air       50%        2-5/arc   3%          2
 Summon Forest            Summ/Tloc      31%        N/A       4%          5
 Call Canine Familiar     Summ           25%        N/A       6%          3
 Confusing Touch          Hex            25%        N/A       6%          3
 Frozen Ramparts          Ice            50%        1d8       6%          3
 Hailstorm                Conj/Ice       25%        3d7       6%          3
 Inner Flame              Hex/Fire       25%        N/A       6%          3
 Mephitic Cloud           Conj/Pois/Air  25%        N/A       6%          3
 Ozocubu's Armour         Ice            25%        N/A       6%          3
 Summon Guardian Golem    Hex/Summ       25%        N/A       6%          3
 Swiftness                Air            25%        N/A       6%          3
 Tukima's Dance           Hex            25%        N/A       6%          3
 Death's Door             Necr           68%        N/A       8%          9
 Eringya's Noxious Bog    Tmut/Pois      35%        N/A       10%         6
 Haunt                    Necr/Summ      52%        N/A       11%         7
 Airstrike                Air            12%        2d(2-18)  21%         4
 Cause Fear               Hex            12%        N/A       21%         4
 Flame Wave               Conj/Fire      25%        2d8       21%         4
 Fulminant Prism          Conj/Hex       12%        3d8       21%         4
 Olgreb's Toxic Radiance  Pois           25%        N/A       21%         4
 Sticky Flame             Conj/Fire      25%        2d5       21%         4
 Summon Ice Beast         Ice/Summ       25%        N/A       21%         4
 Summon Lightning Spire   Summ/Air       25%        N/A       21%         4
 Arcjolt                  Conj/Air       12%        1d22      50%         5
 Fireball                 Conj/Fire      12%        3d7       50%         5
 Freezing Cloud           Conj/Ice/Air   12%        6-21      50%         5
 Iskenderun's Battlesphe  Conj           25%        2d8       50%         5
 Metabolic Englaciation   Hex/Ice        12%        N/A       50%         5
 Silence                  Hex/Air        12%        N/A       50%         5
 Summon Mana Viper        Hex/Summ       25%        N/A       50%         5
 Disjunction              Tloc           42%        N/A       54%         8
 Lehudib's Crystal Spear  Conj/Erth      41%        10d10     63%         8
 Conjure Ball Lightning   Conj/Air       12%        3x3d6     97%         6
 Plasma Beam              Fire/Air       12%        2x1d26    97%         6
 Starburst                Conj/Fire      12%        6d5       97%         6
 Summon Cactus Giant      Summ           12%        N/A       97%         6
 Enfeeble                 Hex            12%        N/A       100%        7
 Monstrous Menagerie      Summ           12%        N/A       100%        7
 Spellforged Servitor     Conj/Summ      12%        N/A       100%        7
 Summon Hydra             Summ           12%        N/A       100%        7
 Discord                  Hex            12%        N/A       100%        8
 Ignition                 Fire           12%        3d6       100%        8
 Maxwell's Capacitive Co  Air            12%        ∞         100%        8
 Dragon's Call            Summ           12%        N/A       100%        9
 Fire Storm               Conj/Fire      12%        8d3       100%        9


Dungeon Overview and Level Annotations

Branches:
Dungeon (15/15)            Temple (1/1) D:5            Lair (5/5) D:8
  Swamp (4/4) Lair:2        Snake (4/4) Lair:2        Slime (5/5) Lair:4
    Orc (2/2) D:9             Elf (3/3) Orc:2        Vaults (5/5) D:13
  Crypt (3/3) Vaults:2       Tomb (3/3) Crypt:3      Depths (4/4) D:15
   Hell (visited)             Dis (7/7) Hell            Geh (7/7) Hell
    Coc (7/7) Hell            Tar (7/7) Hell            Zot (5/5) Depths:4
 Bailey (visited)           IceCv (visited)         Gauntlet (visited)

Altars:
Ashenzari
Cheibriados
Dithmenos
Elyvilon
Fedhas
Gozag
Hepliaklqana
Kikubaaqudgha
Makhleb
Nemelex Xobeh
Okawaru
Qazlal
Ru
Sif Muna
Trog
Uskayaw
Vehumet
Wu Jian
Xom
Yredelemnul
Zin
The Shining One

Shops:
D:4 *   D:11 :   D:12 (   Orc:1 [   Orc:2 ([(!   Elf:1 [=([:   Snake:2 *
Vaults:1 [[   Vaults:2 *   Vaults:4 [   Depths:1 :=:

Portals:
Hell: Depths:1 Depths:2 Depths:3 Depths:4
Abyss: Depths:2 Depths:3
Pandemonium: Depths:1 Depths:2
Ziggurat: Depths:3

Annotations:
D:10 2 transporters
Elf:2 5 runed translucent doors
Elf:3 3 runed translucent doors, exclusion: 3 doors
Depths:3 2 transporters


Innate Abilities, Weirdness & Mutations

You are an undead lich.
Your unarmed attacks are suffused with negative energy.
You are immune to unholy pain and torment.
Your necromantic spells are more powerful.
You cannot drink.
You are immune to poison.
You have a pair of horns on your head.
You reflexively headbutt those who attack you in melee.
Your body sometimes deteriorates upon taking damage.
You are somewhat resistant to further mutation.


Message History

You climb upwards.
There is a stone staircase leading down here.
There is a stone staircase leading up here.
You climb upwards.
There is a stone staircase leading down here.
A hellion comes into view.
There is a stone staircase leading up here.
Casting: Sublimation of Blood (safe; 0% risk of failure)
Confirm with . or Enter, or press ? or * to list all spells.
Space momentarily warps into an impossible shape!
You hammer the hellion like a gong!!!!
You kill the hellion!
Cheibriados appreciates the change of pace.
(D) Dungeon (T) Temple (L) Lair (S) Swamp (P) Snake Pit (M) Slime Pits (O) Orcish Mines (E) Elven Halls (V) Vaults (C) Crypt (W) Tomb (U) Depths (H) Hell (I) Dis (G) Gehenna (X) Cocytus (Y) Tartarus (Z) Zot
Where to? (Enter - D:1, ? - help)
You climb upwards.
Magic restored.
There is a stone staircase leading down here.
There is a stone staircase leading up here.
You climb upwards.
There is a stone staircase leading down here.
There is an open door here.
There is a staircase leading out of the dungeon here.
You feel very mighty all of a sudden.
Okay, then.
Okay, then.
Okay, then.
Casting: Manifold Assault (safe; 1% risk of failure)
Confirm with . or Enter, or press ? or * to list all spells.
Okay, then.
Casting: Manifold Assault (safe; 1% risk of failure)
Confirm with . or Enter, or press ? or * to list all spells.
Your body is suffused with negative energy!
Okay, then.
You cannot drink potions in your current state!
Unknown command.
You have escaped!

.#####..####..#
######...###.... .# ##.# #.>#
#...###..## .# #.####..#
#...#.....# .# #.##....#####
#.......... ##
#.##.#......#####...#...... #
#...................#.....# #
#..###+#######'###..#.....# #
#..#..⌠...>...⌠..#.##.#####
#######..#......L......#.##.##
.........'⌠....###....⌠'.#...##
#######..#.............#..#.#.#
# #..#######'#######..#...# #
#..#.............#..##..# #
#..#.............#.....##
#######..#.............#.###.#
......#..###############.# #.#
#####....................# #.#
##


There were no monsters in sight!

Vanquished Creatures
  Cerebov (Pan)
  Antaeus (Coc:7)
  Asmodeus (Geh:7)
  Ignacio (Pan)
  the Royal Jelly (Slime:5)
  Ereshkigal (Tar:7)
  Lom Lobon (Pan)
  Gloorx Vloq (Pan)
  A seraph (Pan)
  Mnoleg (Pan)
  Tiamat (Zot:1)
  Dispater (Dis:7)
  16 dread liches
  Khufu (Tomb:3)
  20 ancient liches
  Mennas (Depths:4)
  3 orbs of fire (Zot:5)
  38 royal mummies
  The ghost of Kabe the Fencer, a veteran BaIE of Cheibriados (Depths:3)
  23 shard shrikes
  Frederick (Vaults:3)
  5 Killer Klowns (Zot:5)
  Bai Suzhen (Vaults:4)
  16 golden dragons
  11 caustic shrikes
  Margery (Vaults:4)
  The ghost of Xepac the Warrior, a veteran MiHu of Gozag (Depths:3)
  The ghost of Xepac the Warrior, a veteran MiHu of Gozag (Depths:3)
  The ghost of Xepac the Warrior, a veteran MiHu of Gozag (Depths:3)
  The ghost of Sulo Conyim the Unseen, a veteran GnDe of Gozag (Depths:3)
  The ghost of Canneaw the Unseen, a veteran GnDe of Gozag (Depths:3)
  2 curse toes
  Nikola (Swamp:1)
  Geryon (Hell)
  9 profane servitors
  5 iron giants
  17 pandemonium lords
  19 doom hounds
  3 pearl dragons
  11 Brimstone Fiends
  40 bone dragons
  A spectral shard shrike (Tar:4)
  17 Tzitzimimeh
  The ghost of Xutext the Spry, an adept DsAK of Lugonu (Depths:3)
  3 electric golems
  21 liches
  25 tentacled monstrosities
  Asterion (Snake:4)
  29 Orb Guardians
  17 hellephants
  21 Ice Fiends
  16 tainted leviathans
  22 Hell Sentinels
  27 acid blobs
  Zenata (Vaults:4)
  15 searing wretches
  20 titans
  2 deep elf master archers (Elf:3)
  2 deep elf blademasters (Elf:3)
  Frances (Swamp:2)
  6 death cobs
  33 ancient champions
  15 quicksilver dragons
  Gastronok (D:12)
  2 eldritch tentacles (Pan)
  52 Executioners
  11 sphinxes
  The ghost of Ubraesch the Brawler, an adept TrMo of Nemelex Xobeh (Depths:3)
  The ghost of Himmaryad the Brawler, an adept TrMo of Nemelex Xobeh (Depths:3)
  17 shadow dragons
  2 thorn hunters (Swamp:4)
  A revenant (Crypt:1)
  76 tentacled starspawn
  Donald (Swamp:1)
  8 tengu reavers
  7 nagarajas
  18 fire giants
  6 rockslimes
  35 daevas (Pan)
  11 draconian monks
  15 storm dragons
  14 demonspawn warmongers
  16 narguns
  11 azure jellies
  6 frost giants
  18 vault wardens
  Louise (Swamp:3)
  8 draconian scorchers
  4 deep elf sorcerers
  4 ghost moths
  9 draconian knights
  5 quicksilver elementals
  46 angels
  7 iron dragons
  A deep elf elementalist (Elf:3)
  14 demonspawn blood saints
  5 spectral caustic shrikes
  5 draconian shifters
  5 curse skulls
  46 cacodemons
  6 shard shrike simulacra
  21 war gargoyles
  46 balrugs
  10 quicksilver oozes
  32 very ugly things
  3 spectral juggernauts
  6 draconian stormcallers
  18 stone giants
  5 orc warlords
  17 demonspawn corrupters
  35 reapers
  13 draconian annihilators
  3 juggernaut skeletons
  23 ophanim
  9 ghouls
  12 ironbound preservers
  6 ironbound thunderhulks
  8 vampire knights
  2 caustic shrike skeletons
  6 deep elf demonologists
  28 green draconians
  21 lorocyprocas
  25 elemental wellsprings
  12 bennus
  3 spectral titans
  15 black draconians
  43 apis (Pan)
  17 wendigos
  22 white draconians
  16 deep elf annihilators
  10 red draconians
  14 demonspawn black suns (Pan)
  2 eleionomae (Swamp:2)
  8 putrid mouths
  19 eidola
  A minotaur (Gauntlet)
  24 purple draconians
  19 yellow draconians
  6 bunyips
  2 spark wasps (Depths:1)
  4 dire elephants
  28 green deaths
  7 jiangshi
  9 ettins
  41 blizzard demons
  A merfolk impaler (Depths:1)
  2 merfolk javelineers
  26 iron golems
  4 crystal guardians (Abyss:7)
  26 mummy priests
  13 deep elf death magi
  12 great orbs of eyes
  Fannar (Lair:2)
  2 spectral spriggans (Tar:4)
  6 deep elf high priests
  5 fire dragons
  14 yaktaur captains
  A shambling mangrove (Swamp:4)
  Josephine (Lair:4)
  16 hydras
  2 kraken zombies (Hell)
  7 caustic shrike simulacra
  2 spriggan zombies
  3 entropy weavers
  15 anacondas
  4 ice dragons
  7 salamander tyrants
  A spectral fenstrider witch (Tar:1)
  40 vault guards
  6 spriggan air magi
  11 rakshasas
  Harold (D:10)
  2 peacekeepers
  4 hell beasts
  A ghost crab (Swamp:2)
  7 catoblepae
  5 ogre magi
  9 spriggan skeletons
  6 juggernaut simulacra
  18 centaur warriors
  11 ironbound frosthearts
  A death knight (Crypt:1)
  3 alligators
  29 dancing weapons
  3 stokers
  14 boulder beetles
  14 two-headed ogres
  68 death scarabs
  The ghost of dornbeast the Destroyer, a journeyman DsIE of Vehumet (D:10)
  10 tengu warriors
  6 deep troll shamans
  60 hell hogs
  13 death yaks
  12 naga warriors
  9 vampire magi
  8 orc high priests (Orc:2)
  6 deep troll earth magi
  5 shock serpents
  Nergalle (Lair:1)
  11 naga sharpshooters
  127 thrashing horrors
  166 large abominations
  6 holy swine (Pan)
  2 spectral dire elephants (Tar:4)
  2 titan skeletons
  A fire crab (shapeshifter) (Vaults:5)
  4 spriggan berserkers
  105 sun demons
  6 salamander mystics
  A shock serpent (shapeshifter) (Elf:1)
  Sonja (Lair:3)
  17 hell knights
  A skyshark (Lair:5)
  A skyshark (shapeshifter) (Abyss:7)
  52 soul eaters
  5 iron trolls
  7 deep elf knights
  80 skeletal warriors
  An anaconda zombie (Hell)
  9 crystal echidnas
  A goliath frog (Swamp:3)
  50 sixfirhies
  64 wretched stars
  21 shadow wraiths
  28 deep trolls
  16 spatial maelstroms (Abyss:7)
  A storm dragon skeleton (Crypt:3)
  2 death drakes (Tar:5)
  An orb spider (shapeshifter) (Depths:3)
  7 quicksilver dragon simulacra
  2 spectral anacondas
  10 flayed ghosts
  3 spriggan druids
  27 shadow demons
  2 sea snakes (Snake:1)
  17 wizards
  12 bog bodies
  16 deep elf archers
  12 swamp dragons
  An iron giant skeleton (Crypt:3)
  25 cherubim (Pan)
  15 glowing orange brains
  A bunyip skeleton (Pan)
  12 naga ritualists
  17 ironbound convokers
  A golden dragon zombie (Crypt:2)
  13 necromancers
  23 deep elf zephyrmancers
  14 phantasmal warriors
  5 lindwurms
  32 deep elf pyromancers
  A spectral hydra (Tar:1)
  41 ugly things
  12 orc knights
  An anaconda skeleton (Crypt:3)
  3 manticores
  A wolf spider (D:13)
  6 mana vipers
  3 shadow dragon skeletons
  103 starcursed masses
  A human zombie (Vaults:2)
  2 spectral ettins (Tar:1)
  9 will-o-the-wisps
  A spectral fire dragon (Tar:1)
  A mana viper (shapeshifter) (Vaults:5)
  21 salamanders
  A toenail golem (Pan)
  5 orc sorcerers
  8 worldbinders
  7 shining eyes
  3 stone giant zombies
  34 moths of wrath
  3 spectral centaurs
  10 cyclopes
  An iron dragon skeleton (Crypt:3)
  5 centaur zombies
  2 spectral alligator snapping turtles
  18 apocalypse crabs
  62 black mambas
  A shock serpent zombie (Crypt:3)
  17 naga magi
  6 ice statues
  3 stone giant skeletons
  5 titan simulacra
  25 demonic crawlers
  9 rust devils
  6 molten gargoyles (Geh:7)
  22 vault sentinels
  An eye of devastation (Slime:4)
  A naga zombie (Crypt:2)
  104 smoke demons
  6 guardian serpents
  2 dire elephant skeletons (Crypt:3)
  A white draconian zombie (Crypt:2)
  A kobold demonologist (D:11)
  3 centaur skeletons
  7 cane toads
  2 gargoyles (D:12)
  2 redback zombies
  37 hellions
  50 orange demons
  2 minotaur zombies
  3 rime drakes (Lair:2)
  2 spectral nagas
  11 efreet
  27 yaktaurs
  An orb spider zombie (Crypt:2)
  3 unseen horrors
  4 tengu conjurers
  18 ice devils
  44 guardian mummies
  2 iron giant simulacra (Coc:7)
  8 komodo dragons
  4 anaconda simulacra
  25 tormentors
  2 golden dragon simulacra
  4 polar bears
  6 freezing wraiths
  3 spectral harpies
  63 ancient zymes
  A bunyip simulacrum (Coc:2)
  3 meliai (D:15)
  A troll (D:12)
  2 catoblepas skeletons (Abyss:4)
  5 red devils (Pan)
  4 silent spectres
  3 harpy zombies
  A queen bee (Lair:3)
  41 hellwings
  7 harpy skeletons
  A sea snake skeleton (Hell)
  14 tyrant leeches
  An alligator zombie (Crypt:3)
  2 hydra zombies
  17 blink frogs
  11 hornets
  3 hydra skeletons
  An iron dragon simulacrum (Coc:5)
  77 raiju
  78 slime creatures
  3 stone giant simulacra
  A guardian serpent skeleton (Crypt:2)
  A jumping spider (shapeshifter) (D:14)
  4 air elementals
  A black mamba zombie (Tomb:2)
  7 shadows
  5 centaur simulacra
  A merfolk skeleton (Tomb:1)
  3 dire elephant simulacra
  Sigmund (D:2)
  37 flying skulls
  An ice dragon skeleton (Crypt:1)
  49 ynoxinuls
  13 spriggans
  2 ettin skeletons
  14 wraiths
  2 wyverns
  A fire dragon skeleton (Pan)
  An alligator snapping turtle simulacrum (Coc:2)
  3 fire bats (Depths:2)
  70 yaks
  20 water elementals
  15 ushabtiu
  5 basilisks
  24 chaos spawn
  3 death yak simulacra (IceCv)
  16 golden eyes
  A redback (shapeshifter) (Depths:3)
  2 steam dragons
  67 neqoxecs
  A sea snake simulacrum (Hell)
  18 vampire mosquitoes
  33 spatial vortices (Abyss:7)
  16 harpy simulacra
  A yaktaur simulacrum (Vaults:2)
  47 nagas
  13 wargs
  15 swamp worms
  6 naga skeletons
  A glowing shapeshifter skeleton (Crypt:2)
  13 hell hounds
  2 acid dragons
  A deep troll skeleton (Crypt:2)
  2 floating eyes
  14 water moccasins
  4 hydra simulacra
  25 orc warriors
  2 meliai simulacra
  5 ice beasts
  A sky beast (D:7)
  10 swamp drakes (Swamp:4)
  A black bear (D:4)
  4 ettin simulacra
  A fire dragon simulacrum (Coc:1)
  A black mamba simulacrum (Coc:1)
  9 ogres
  13 centaurs
  15 wolves
  2 phantoms
  A rime drake zombie (Crypt:3)
  13 earth elementals
  A cyclops zombie (Crypt:3)
  9 kobold brigands
  A cane toad simulacrum (IceCv)
  8 bullfrogs
  5 two-headed ogre simulacra (IceCv)
  An elf skeleton (Crypt:1)
  2 necrophages (Crypt:3)
  A gnoll sergeant (D:5)
  15 small abominations
  2 scorpions
  9 wights
  A swamp dragon simulacrum (Coc:1)
  46 killer bees
  5 electric eels
  2 howler monkeys
  3 crimson imps (Abyss:7)
  A black bear zombie (Crypt:3)
  A quasit (Abyss:4)
  36 orc priests
  5 hounds
  4 jellies
  2 gnoll boudas
  A human skeleton (Crypt:2)
  Jessica (D:2)
  An iguana (D:6)
  13 orc wizards
  2 sleepcaps
  Natasha (thrice) (D:3)
  9 hell rats
  8 spriggan simulacra
  A boggart skeleton (Crypt:3)
  6 troll simulacra (IceCv)
  A polar bear simulacrum (IceCv)
  2 wolf simulacra (IceCv)
  60 mummies
  12 gnolls
  10 adders
  8 naga simulacra
  A steam dragon zombie (Crypt:1)
  8 white imps
  7 ufetubi (IceCv)
  4 worms
  4 dart slugs
  79 orcs
  13 bats
  12 endoplasms
  8 giant cockroaches
  6 goblins
  2 hobgoblins
  5 jackals (D:1)
  A quokka (D:4)
  12 ball pythons
  3 frilled lizards
  A hobgoblin zombie (Crypt:1)
  19 kobolds
  A quokka skeleton (Crypt:1)
  11 rats
  7 ball lightnings (Pan)
  3 creeping infernos
  26 fire vortices
  4 foxfires (Swamp:4)
  12 lurking horrors
  32 starspawn tentacles
  5 tentacles (Hell)
5765 creatures vanquished.

Vanquished Creatures (collateral kills)
  A shard shrike (Coc:7)
  A doom hound (Tar:7)
  A Hell Sentinel (Dis:7)
  An Ice Fiend (Coc:7)
  An ancient champion (Tomb:3)
  3 demonspawn warmongers (Pan)
  A balrug (Pan)
  2 starcursed masses (Abyss:7)
  A shard shrike simulacrum (Coc:7)
  A draconian annihilator (Zot:1)
  2 cacodemons (Pan)
  3 demonspawn black suns (Pan)
  3 blizzard demons (Pan)
  A juggernaut simulacrum (Coc:7)
  A hell beast (Pan)
  2 death scarabs (Tomb:3)
  A hell hog (Abyss:7)
  3 thrashing horrors (Abyss:7)
  3 wretched stars (Abyss:7)
  2 crystal echidnas (Dis:7)
  7 sun demons (Pan)
  A hell knight (Hell)
  6 soul eaters
  4 sixfirhies (Pan)
  A necromancer (Hell)
  An ice statue (Pan)
  A demonic crawler (Pan)
  A rust devil (Hell)
  3 smoke demons
  An apocalypse crab (Abyss:7)
  2 ancient zymes (Abyss:7)
  A hellwing (Pan)
  3 ynoxinuls (Pan)
  A dire elephant simulacrum (Coc:7)
  2 neqoxecs
  3 large abominations
  2 chaos spawn (Pan)
  A harpy simulacrum (Coc:7)
  A hell hound (Hell)
  3 hell rats (Hell)
  A shadow imp (Pan)
  A fire vortex (Geh:7)
81 creatures vanquished.

Vanquished Creatures (others)
  A pandemonium lord (Pan)
  An eldritch tentacle (Pan)
  A demonspawn blood saint (Pan)
  A black draconian (Zot:5)
  A green death (Pan)
  A deep elf high priest (Vaults:5)
  A caustic shrike simulacrum (Coc:7)
  A thrashing horror (Abyss:7)
  A deep elf pyromancer (Elf:1)
  3 hellions (Geh:4)
  2 bloated husks
  A ynoxinul (Pan)
  A golden eye (Abyss:7)
  3 chaos spawn (Pan)
  A neqoxec (Pan)
  A harpy simulacrum (Coc:7)
  2 hell rats
  3 orcs (Orc:1)
  2 goblins (D:9)
  2 ball lightnings (Pan)
  2 fire vortices
  30 foxfires
  A lurking horror (Abyss:7)
  47 starspawn tentacles
  7 tentacles (Hell)
117 creatures vanquished.

Grand Total: 5963 creatures vanquished

Notes
Turn   | Place    | Note
-------+----------+-------------------------------------------
     0 | D:5      | comborobin the Minotaur Delver began the quest for the Orb.
     0 | D:5      | Reached XP level 1. HP: 19/19 MP: 0/0
   124 | D:4      | Found Pyaxerr's General Store.
   178 | D:2      | Reached XP level 2. HP: 27/27 MP: 1/1
   306 | D:4      | Reached skill level 1 in Armour
   336 | D:5      | Found a staircase to the Ecumenical Temple.
   372 | D:5      | Gained mutation: Your spells are a little harder to cast,
                  | but a little more powerful. [potion of mutation]
   372 | D:5      | Gained mutation: A frigid envelope surrounds you and
                  | freezes all who hurt you. [potion of mutation]
   376 | D:5      | Reached XP level 3. HP: 31/33 MP: 2/2
   384 | D:5      | Reached XP level 4. HP: 21/41 MP: 3/3
   409 | Temple   | Entered the Ecumenical Temple
   417 | Temple   | Became a worshipper of Cheibriados the Contemplative
   519 | D:4      | Noticed a black bear
   525 | D:4      | Killed a black bear
   526 | D:4      | Reached skill level 5 in Axes
   526 | D:4      | Reached XP level 5. HP: 43/47 MP: 4/4
   674 | D:4      | Noticed a phantom
   691 | D:4      | Killed a phantom
   692 | D:4      | Reached skill level 5 in Fighting
   849 | D:4      | Reached XP level 6. HP: 56/56 MP: 5/5
  1010 | D:4      | Reached * piety under Cheibriados
  1356 | D:3      | Found a sparkling altar of Nemelex Xobeh.
  1404 | D:3      | Reached ** piety under Cheibriados
  1460 | D:3      | Reached XP level 7. HP: 58/62 MP: 6/6
  1586 | D:3      | Noticed Natasha
  1590 | D:3      | Killed Natasha
  1739 | D:3      | Noticed Natasha
  1744 | D:3      | Killed Natasha
  1816 | D:3      | Noticed Natasha
  1820 | D:3      | Killed Natasha
  1992 | D:2      | Learned a level 4 spell: Passage of Golubria
  2114 | D:2      | Noticed Jessica
  2114 | D:2      | Noticed Sigmund
  2117 | D:2      | Killed Sigmund
  2117 | D:2      | Killed Jessica
  2207 | D:2      | Found the +1 Delatra's gloves {ID++}
  2212 | D:2      | Reached *** piety under Cheibriados
  2219 | D:2      | Reached skill level 5 in Armour
  2499 | D:1      | Found a runed translucent door.
  2669 | D:1      | Reached **** piety under Cheibriados
  3721 | D:5      | Reached XP level 8. HP: 67/71 MP: 7/7
  3826 | D:5      | Reached ***** piety under Cheibriados
  4580 | D:6      | Learned a level 2 spell: Momentum Strike
  4666 | D:6      | Reached skill level 10 in Axes
  4846 | D:6      | Reached XP level 9. HP: 55/81 MP: 8/8
  5357 | D:7      | Reached ****** piety under Cheibriados
  6326 | D:8      | Found a shadowy altar of Dithmenos.
  6451 | D:8      | Found a white marble altar of Elyvilon.
  6489 | D:8      | Found a basalt altar of Yredelemnul.
  6489 | D:8      | Found a shimmering blue altar of Sif Muna.
  6557 | D:8      | Found a staircase to the Lair.
  7246 | D:9      | Reached XP level 10. HP: 83/91 MP: 9/9
  7350 | D:9      | Found a staircase to the Orcish Mines.
  7415 | D:9      | Found a flagged portal.
  7465 | Bailey   | Entered a bailey
  7588 | Bailey   | Reached skill level 10 in Fighting
  7595 | Bailey   | Found an iron altar of Okawaru.
  8372 | D:9      | Identified the +2 long sword "Johilissu" {heavy, rPois rN+
                  | Str+3 Int+3}
  8636 | D:10     | Entered Level 10 of the Dungeon
  8732 | D:10     | Reached skill level 5 in Dodging
  8732 | D:10     | Reached skill level 1 in Invocations
  8931 | D:10     | Found a transporter.
  8931 | D:10     | Noticed a boulder beetle
  8940 | D:10     | Found a transporter.
  9067 | D:10     | Noticed Harold
  9077 | D:10     | Killed Harold
  9078 | D:10     | Reached XP level 11. HP: 51/101 MP: 11/11
  9417 | D:10     | Noticed a two-headed ogre
  9422 | D:10     | Killed a two-headed ogre
  9562 | D:10     | Found a runed translucent gate.
  9562 | D:10     | Found a runed translucent gate.
  9565 | D:10     | Found a runed translucent gate.
  9568 | D:10     | Noticed dornbeast's ghost (journeyman DsIE)
  9575 | D:10     | Noticed a two-headed ogre
  9578 | D:10     | Killed a two-headed ogre
  9579 | D:10     | Reached skill level 10 in Armour
  9897 | D:11     | Found Rimyf's Book Emporium.
 10148 | D:11     | Learned a level 2 spell: Blink
 10345 | D:11     | Reached skill level 5 in Invocations
 10593 | D:12     | Noticed Gastronok
 10601 | D:12     | Killed Gastronok
 10610 | D:12     | Noticed a deep elf pyromancer
 10617 | D:12     | Killed a deep elf pyromancer
 10618 | D:12     | Reached skill level 15 in Axes
 10618 | D:12     | Reached XP level 12. HP: 101/110 MP: 15/15
 11226 | D:12     | Found Icuoramn's Weapon Shop.
 11471 | D:13     | Noticed a boulder beetle
 11488 | D:13     | Killed a boulder beetle
 11550 | D:13     | Noticed a centaur warrior
 11554 | D:13     | Killed a centaur warrior
 11691 | D:13     | Noticed a centaur warrior
 11693 | D:13     | Noticed a centaur warrior
 11694 | D:13     | Killed a centaur warrior
 11708 | D:13     | Killed a centaur warrior
 11720 | D:13     | Reached XP level 13. HP: 108/118 MP: 18/18
 11861 | D:13     | Found a gate to the Vaults.
 12475 | Lair:1   | Entered Level 1 of the Lair of Beasts
 12746 | Lair:1   | Noticed Nergalle
 12751 | Lair:1   | Killed Nergalle
 12813 | Lair:1   | Reached skill level 1 in Translocations
 12814 | Lair:1   | Reached skill level 1 in Spellcasting
 13498 | Lair:2   | Identified the +5 shortbow "Laoggith" {heavy, rC- Str+3}
 13845 | Lair:2   | Found a staircase to the Snake Pit.
 13952 | Lair:2   | Noticed Fannar
 13967 | Lair:2   | Killed Fannar
 14153 | Lair:2   | Found a staircase to the Swamp.
 14751 | Lair:3   | Reached skill level 5 in Translocations
 14944 | Lair:3   | Noticed Sonja
 14946 | Lair:3   | Killed Sonja
 15534 | Lair:3   | Learned a level 3 spell: Mephitic Cloud
 15628 | Lair:4   | Found a frozen archway.
 15650 | IceCv    | Entered an ice cave
 16406 | IceCv    | Noticed a reaper
 16417 | IceCv    | Killed a reaper
 16418 | IceCv    | Reached XP level 14. HP: 53/127 MP: 4/19
 16422 | IceCv    | Identified the +0 troll leather armour "Xoeqalyd" {-Tele
                  | Regen+ MP+9 Str+6}
 17048 | Lair:4   | Noticed Josephine
 17061 | Lair:4   | Killed Josephine
 17162 | Lair:4   | Found a staircase to the Slime Pits.
 17798 | Lair:5   | Entered Level 5 of the Lair of Beasts
 18730 | Lair:5   | Identified the +0 trident "Poetui" {drain, *Slow rElec MP+9
                  | Str+3}
 19705 | D:13     | Reached XP level 15. HP: 74/136 MP: 20/20
 20135 | D:14     | Reached skill level 10 in Dodging
 20143 | D:14     | Identified the +1 robe "Moludgh" {Rampage rN+ Str-2}
 20369 | D:14     | Found a radiant altar of Vehumet.
 20653 | D:14     | Found a shadowy altar of Dithmenos.
 20863 | D:15     | Entered Level 15 of the Dungeon
 21185 | D:15     | Found a gate leading to a gauntlet.
 21196 | Gauntlet | Entered a Gauntlet
 21196 | Gauntlet | Found a runed translucent door.
 21196 | Gauntlet | Found a transporter.
 21196 | Gauntlet | Found a runed translucent door.
 21196 | Gauntlet | Found a transporter.
 21263 | Gauntlet | Found a transporter.
 21277 | Gauntlet | Found a large runed translucent door.
 21278 | Gauntlet | Found a large runed translucent door.
 21279 | Gauntlet | Found a large runed translucent door.
 21279 | Gauntlet | Found a large runed translucent door.
 21279 | Gauntlet | Found a large runed translucent door.
 21279 | Gauntlet | Found a large runed translucent door.
 21279 | Gauntlet | Found a large runed translucent door.
 21279 | Gauntlet | Found a large runed translucent door.
 21280 | Gauntlet | Found a runed translucent door.
 21280 | Gauntlet | Found a runed translucent gate.
 21281 | Gauntlet | Found a transporter.
 21281 | Gauntlet | Found a runed translucent gate.
 21281 | Gauntlet | Found a transporter.
 21281 | Gauntlet | Found a transporter.
 21283 | Gauntlet | Found a transporter.
 21283 | Gauntlet | Found a transporter.
 21296 | Gauntlet | Found a transporter.
 21311 | Gauntlet | Found a transporter.
 21320 | Gauntlet | Found a runed translucent door.
 21321 | Gauntlet | Found a transporter.
 21322 | Gauntlet | Found a runed translucent door.
 21335 | Gauntlet | Found a transporter.
 21347 | Gauntlet | Found a large runed translucent door.
 21348 | Gauntlet | Found a large runed translucent door.
 21349 | Gauntlet | Found a large runed translucent door.
 21349 | Gauntlet | Found a large runed translucent door.
 21349 | Gauntlet | Found a large runed translucent door.
 21349 | Gauntlet | Found a large runed translucent door.
 21350 | Gauntlet | Found a large runed translucent door.
 21350 | Gauntlet | Found a large runed translucent door.
 21350 | Gauntlet | Found a runed translucent gate.
 21350 | Gauntlet | Found a runed translucent door.
 21355 | Gauntlet | Found a transporter.
 21367 | Gauntlet | Found a transporter.
 21471 | Gauntlet | Identified the ring "Kyhitreg" {rPois Int+6}
 21595 | Gauntlet | Identified the +2 pair of gloves of Impish Curiosity {rPois
                  | rF- SInv}
 21695 | Gauntlet | Reached skill level 5 in Spellcasting
 21911 | D:15     | Found a staircase to the Depths.
 22934 | Orc:1    | Entered Level 1 of the Orcish Mines
 23321 | Orc:1    | Found Wucweq's Antique Armour Shoppe.
 23656 | Orc:2    | Entered Level 2 of the Orcish Mines
 24015 | Orc:2    | Found Eceimp's Weapon Boutique.
 24096 | Orc:2    | Found Qeitemm's Distillery.
 24260 | Orc:2    | Found a staircase to the Elven Halls.
 24538 | Orc:2    | Found Otreull's Armour Emporium.
 24556 | Orc:2    | Found Lediulir's Weapon Boutique.
 24562 | Orc:2    | Reached skill level 1 in Maces & Flails
 25035 | Orc:1    | Bought a polished chain mail for 256 gold pieces
 25035 | Orc:1    | Identified the +5 chain mail of Oblivion {Int+4 Dex+3
                  | Stlth+} (You bought it in a shop on level 1 of the Orcish
                  | Mines)
 25049 | Orc:1    | Bought a runed plate armour for 702 gold pieces
 25191 | Swamp:1  | Entered Level 1 of the Swamp
 25196 | Swamp:1  | Reached XP level 16. HP: 133/147 MP: 23/23
 25414 | Swamp:1  | Noticed Donald
 25529 | Swamp:1  | Learned a level 3 spell: Vhi's Electric Charge
 25536 | Swamp:1  | Killed Donald
 25782 | Swamp:1  | Noticed Nikola
 25792 | Swamp:1  | Killed Nikola
 26457 | Swamp:2  | Reached skill level 15 in Fighting
 26625 | Swamp:2  | Reached skill level 5 in Maces & Flails
 26686 | Swamp:2  | Noticed Frances
 26694 | Swamp:2  | Killed Frances
 27660 | Swamp:3  | Noticed Louise
 27665 | Swamp:3  | Killed Louise
 27672 | Swamp:3  | Reached skill level 15 in Armour
 28139 | Swamp:4  | Entered Level 4 of the Swamp
 28472 | Swamp:4  | Noticed a thorn hunter
 28676 | Swamp:4  | Found a hazy altar of Hepliaklqana.
 28679 | Swamp:4  | Identified the ring of Vele {rPois rF+ rN+}
 29155 | Swamp:4  | Noticed a thorn hunter
 29163 | Swamp:4  | Killed a thorn hunter
 29649 | Swamp:4  | Got a decaying rune of Zot
 29900 | Swamp:4  | Reached XP level 17. HP: 140/157 MP: 25/25
 30299 | Elf:1    | Entered Level 1 of the Elven Halls
 30817 | Elf:1    | Found Kejolej's Armour Shop.
 30817 | Elf:1    | Found Umuist's Weapon Boutique.
 30818 | Elf:1    | Found Ziakhu's Jewellery Boutique.
 30822 | Elf:1    | Found Ywku's Book Shop.
 30825 | Elf:1    | Bought the amulet of Vitality {RegenMP++ Regen++} for 1400
                  | gold pieces
 30825 | Elf:1    | Found the amulet of Vitality {RegenMP++ Regen++}
 30865 | Elf:1    | Bought a book of the Warp for 630 gold pieces
 30865 | Elf:1    | Paralysed by an air elemental for 1 turns
 30874 | Elf:1    | Learned a level 4 spell: Manifold Assault
 30887 | Elf:1    | Found a runed translucent gate.
 30887 | Elf:1    | Found a runed translucent gate.
 30887 | Elf:1    | Found a runed translucent gate.
 31036 | Elf:1    | Paralysed by an air elemental for 1 turns
 31289 | Elf:1    | Found Bum Key's Antique Armour Emporium.
 31467 | Elf:1    | Got Sif Muna's Omnibus of Allies
 32003 | Elf:2    | Found a huge runed translucent gate.
 32003 | Elf:2    | Found a huge runed translucent gate.
 32014 | Elf:2    | Found a huge runed translucent gate.
 32122 | Elf:2    | Found a huge runed translucent gate.
 32122 | Elf:2    | Found a huge runed translucent gate.
 32166 | Elf:3    | Entered Level 3 of the Elven Halls
 32188 | Elf:3    | Found a runed translucent gate.
 32188 | Elf:3    | Found a runed translucent gate.
 32188 | Elf:3    | Found a runed translucent gate.
 32189 | Elf:3    | Noticed a tentacled monstrosity
 32189 | Elf:3    | Noticed a tentacled monstrosity
 32189 | Elf:3    | Noticed a tentacled monstrosity
 32189 | Elf:3    | Noticed a tentacled monstrosity
 32203 | Elf:3    | Found an ancient bone altar of Kikubaaqudgha.
 32208 | Elf:3    | Reached skill level 10 in Translocations
 32434 | Elf:3    | Reached skill level 10 in Maces & Flails
 32638 | Elf:3    | Reached XP level 18. HP: 166/166 MP: 20/26
 32665 | Elf:3    | Gained mutation: You are weak. (Str -2) [a cacodemon]
 32839 | Elf:3    | Identified the +2 dire flail "Uhupn" {drain, *Corrode rF+
                  | SInv}
 32977 | Elf:3    | Identified the ring of Cedgh {rPois Str+5}
 33147 | Elf:3    | Identified the ring of Scepticism {*Corrode Fly rF+ Dex-4
                  | Stlth+}
 33154 | Elf:3    | Identified the +9 arbalest "Coutom" {drain, Contam Drain
                  | Fly Dex+5}
 33157 | Elf:3    | Identified the +0 robe of Cydiq {Contam Str+6 Dex+4}
 33160 | Elf:3    | Identified the staff of fire "Jimid" {rPois rF+}
 33469 | Elf:3    | Identified a scroll of acquirement
 33469 | Elf:3    | Acquired 805 gold pieces
 33603 | Elf:1    | Bought a pair of scorched gloves for 256 gold pieces
 33603 | Elf:1    | Identified the +0 pair of gloves of Abstinence {rC+} (You
                  | bought it in a shop on level 1 of the Elven Halls)
 33603 | Elf:1    | Bought a faintly glowing plate armour for 756 gold pieces
 33603 | Elf:1    | Identified the +6 plate armour of Qegoj {rElec Regen+} (You
                  | bought it in a shop on level 1 of the Elven Halls)
 33603 | Elf:1    | Bought a runed cloak for 202 gold pieces
 33841 | Vaults:1 | Entered Level 1 of the Vaults
 33946 | Vaults:1 | Found Uhaut's Armour Emporium.
 34404 | Vaults:1 | You fall into a shaft and drop 1 floor!
 34564 | Vaults:2 | Found a staircase to the Crypt.
 34698 | Vaults:2 | Found Kusam's Assorted Antiques.
 35062 | Vaults:2 | Identified the +2 spear "Wommae" {venom, Drain rC+ Will+
                  | Stlth+}
 35189 | Vaults:2 | Reached XP level 19. HP: 189/189 MP: 24/27
 35550 | Vaults:1 | Acquired a +0 vampiric executioner's axe
 35796 | D:10     | Killed dornbeast's ghost
 36169 | Vaults:1 | Found Reviste's Armour Shoppe.
 36748 | Vaults:3 | Reached skill level 15 in Maces & Flails
 36861 | Vaults:3 | Reached skill level 10 in Invocations
 37098 | Vaults:3 | Noticed Frederick
 37100 | Vaults:3 | Killed Frederick
 37578 | Vaults:4 | Noticed Bai Suzhen
 37582 | Vaults:4 | Killed Bai Suzhen
 37869 | Vaults:4 | Noticed Margery
 37870 | Vaults:4 | Killed Margery
 37930 | Vaults:4 | Noticed Zenata
 37931 | Vaults:4 | Killed Zenata
 37932 | Vaults:4 | Reached XP level 20. HP: 200/200 MP: 21/30
 38238 | Vaults:4 | Found Cesiom's Armour Shoppe.
 38989 | Snake:1  | Entered Level 1 of the Snake Pit
 39045 | Snake:1  | Identified the +1 ring mail "Kawusie" {Int+6}
 39249 | Snake:1  | Found an iron altar of Okawaru.
 40054 | D:11     | Bought a book of Blood for 476 gold pieces
 40054 | D:11     | Bought a book of Geomancy for 306 gold pieces
 40057 | D:11     | Learned a level 2 spell: Lesser Beckoning
 40060 | D:11     | Learned a level 2 spell: Wereblood
 40235 | Snake:2  | Reached skill level 1 in Transmutations
 40394 | Snake:2  | Found Zaps's Neck Hole.
 40499 | Snake:2  | Identified the +1 leather armour of Intense Brilliance
                  | {rPois rCorr Dex+4}
 40939 | Snake:3  | Reached skill level 5 in Transmutations
 41924 | Snake:4  | Entered Level 4 of the Snake Pit
 41965 | Snake:4  | Identified the ring of the Pariah {Str+5 Int+6 Dex-4}
 42013 | Snake:4  | Noticed Asterion
 42016 | Snake:4  | Killed Asterion
 42050 | Snake:4  | Reached XP level 21. HP: 181/207 MP: 24/32
 42196 | Snake:4  | Got a serpentine rune of Zot
 42401 | Snake:4  | Identified the +2 chain mail of Purpose {rPois rCorr
                  | Slay+5}
 43205 | Depths:1 | Entered Level 1 of the Depths
 43283 | Depths:1 | Found a one-way gate leading to the halls of Pandemonium.
 43310 | Depths:1 | Found Ceggios's Book Emporium.
 43310 | Depths:1 | Found Awnetef's Jewellery Boutique.
 43311 | Depths:1 | Found Nopt's Book Emporium.
 43328 | Depths:1 | Learned a level 6 spell: Death Channel
 43388 | Depths:1 | You fall into a shaft and drop 1 floor!
 43414 | Depths:2 | Learned a level 2 spell: Sublimation of Blood
 43572 | Depths:2 | Reached skill level 1 in Necromancy
 43680 | Depths:2 | Found a gateway to Hell.
 43729 | Depths:2 | Reached skill level 5 in Necromancy
 43833 | Depths:2 | Found a one-way gate to the infinite horrors of the Abyss.
 43937 | Depths:2 | Noticed an ancient lich
 44079 | Depths:1 | Found an ancient bone altar of Kikubaaqudgha.
 44435 | Depths:1 | Reached skill level 15 in Dodging
 44842 | Depths:2 | Killed an ancient lich
 44843 | Depths:2 | Reached XP level 22. HP: 213/217 MP: 33/33
 44882 | Depths:2 | Identified the +0 leather armour of the Mackerel {rCorr}
 45233 | Depths:3 | Found a transporter.
 45236 | Depths:3 | Found a corrupted altar of Lugonu.
 45256 | Depths:3 | an iron dragon changed into a caustic shrike
 45256 | Depths:3 | Noticed a caustic shrike (glowing shapeshifter)
 45256 | Depths:3 | a caustic shrike changed into a golden dragon
 45256 | Depths:3 | Noticed a golden dragon (glowing shapeshifter)
 45258 | Depths:3 | a golden dragon changed into a shadow dragon
 45472 | Depths:3 | Found a one-way gateway to a ziggurat.
 45589 | Depths:3 | Found a huge runed gate.
 45589 | Depths:3 | Found a huge runed gate.
 45589 | Depths:3 | Found a huge runed gate.
 45589 | Depths:3 | Found a huge runed gate.
 45597 | Depths:3 | Found a huge runed gate.
 45597 | Depths:3 | Found a huge runed gate.
 45598 | Depths:3 | Found a huge runed gate.
 45598 | Depths:3 | Found a huge runed gate.
 45598 | Depths:3 | Found a huge runed gate.
 45601 | Depths:3 | Found a huge runed gate.
 45601 | Depths:3 | Found a huge runed gate.
 45601 | Depths:3 | Found a huge runed gate.
 45601 | Depths:3 | Found a huge runed gate.
 45601 | Depths:3 | Found a huge runed gate.
 45601 | Depths:3 | Found a huge runed gate.
 45602 | Depths:3 | Found a huge runed gate.
 45603 | Depths:3 | Found a huge runed gate.
 45604 | Depths:3 | Found a huge runed gate.
 45619 | Depths:3 | Found a huge runed gate.
 45619 | Depths:3 | Found a huge runed gate.
 45619 | Depths:3 | Found a huge runed gate.
 45619 | Depths:3 | Found a huge runed gate.
 45619 | Depths:3 | Found a huge runed gate.
 45621 | Depths:3 | Found a huge runed gate.
 45622 | Depths:3 | Found a huge runed gate.
 45623 | Depths:3 | Found a huge runed gate.
 45624 | Depths:3 | Found a huge runed gate.
 45645 | Depths:3 | Found a huge runed gate.
 45645 | Depths:3 | Found a huge runed gate.
 45645 | Depths:3 | Found a huge runed gate.
 45645 | Depths:3 | Found a huge runed gate.
 45645 | Depths:3 | Found a huge runed gate.
 45657 | Depths:3 | Found a huge runed gate.
 45658 | Depths:3 | Found a huge runed gate.
 45659 | Depths:3 | Found a huge runed gate.
 45660 | Depths:3 | Found a huge runed gate.
 45951 | Depths:3 | Found a transporter.
 46017 | Depths:3 | Noticed Xepac's ghost (veteran MiHu)
 46017 | Depths:3 | Noticed Xutext's ghost (adept DsAK)
 46017 | Depths:3 | Noticed Canneaw's ghost (veteran GnDe)
 46017 | Depths:3 | Noticed Himmaryad's ghost (adept TrMo)
 46017 | Depths:3 | Noticed Xepac's ghost (veteran MiHu)
 46017 | Depths:3 | Noticed Sulo Conyim's ghost (veteran GnDe)
 46017 | Depths:3 | Noticed Kabe's ghost (veteran BaIE)
 46017 | Depths:3 | Noticed Xepac's ghost (veteran MiHu)
 46017 | Depths:3 | Noticed a golden dragon
 46017 | Depths:3 | Noticed Ubraesch's ghost (adept TrMo)
 46028 | Depths:3 | Killed Himmaryad's ghost
 46028 | Depths:3 | Killed Canneaw's ghost
 46073 | Depths:3 | Killed Kabe's ghost
 46075 | Depths:3 | Killed Xepac's ghost
 46076 | Depths:3 | Killed Sulo Conyim's ghost
 46099 | Depths:3 | Killed Xepac's ghost
 46122 | Depths:3 | Killed Xutext's ghost
 46124 | Depths:3 | Killed a golden dragon
 46130 | Depths:3 | Killed Xepac's ghost
 46148 | Depths:3 | Killed Ubraesch's ghost
 46209 | Depths:4 | Entered Level 4 of the Depths
 46336 | Depths:4 | Noticed Mennas
 46340 | Depths:4 | Killed Mennas
 46577 | Depths:4 | Found a gate to the Realm of Zot.
 46809 | Depths:4 | Found a hide-covered altar of Uskayaw.
 47246 | Depths:4 | Learned a level 6 spell: Statue Form
 47553 | Vaults:5 | Entered Level 5 of the Vaults
 47618 | Vaults:5 | Noticed a golden dragon
 47631 | Vaults:5 | Noticed a golden dragon
 47632 | Vaults:5 | Noticed an ancient lich
 47636 | Vaults:5 | Killed a golden dragon
 47637 | Vaults:5 | Noticed an ancient lich
 47640 | Vaults:5 | Reached XP level 23. HP: 224/224 MP: 24/34
 47644 | Vaults:5 | Noticed a dread lich
 47646 | Vaults:5 | Killed an ancient lich
 47746 | Vaults:5 | Killed an ancient lich
 47776 | Vaults:5 | Reached skill level 10 in Necromancy
 47813 | Vaults:5 | Found the +7 Spriggan's Knife {stab, EV+4 Stlth+}
 47879 | Vaults:5 | Killed a dread lich
 47900 | Vaults:5 | Identified the +4 dire flail "Kooduphaqukk" {pain, +Blink
                  | rN+}
 48495 | Vaults:5 | Got the Textbook on Misfortune and Abominable Ceremonies
 48505 | Vaults:5 | Got a silver rune of Zot
 48507 | Vaults:5 | Identified the staff of cold "Norierau" {rC+ Dex+2}
 48732 | Vaults:5 | Identified the +0 robe "Muagaame" {rCorr Dex+6 Stlth-}
 48800 | Vaults:5 | Identified the ring "Damnable Contraption" {rC+ rN+ AC+4
                  | Int+3 Dex-2}
 49252 | Depths:2 | Voluntarily entered the Abyss.
 49274 | Abyss:1  | Learned a level 2 spell: Passwall
 49372 | Abyss:1  | Found a corrupted altar of Lugonu.
 49573 | Abyss:2  | Found a corrupted altar of Lugonu.
 49704 | Abyss:4  | Reached XP level 24. HP: 235/235 MP: 11/34
 49752 | Abyss:4  | Got an abyssal rune of Zot
 49803 | Depths:2 | Escaped the Abyss
 50183 | Slime:1  | Entered Level 1 of the Pits of Slime
 50379 | Slime:5  | Entered Level 5 of the Pits of Slime
 50390 | Slime:5  | Noticed the Royal Jelly
 50395 | Slime:5  | Killed the Royal Jelly
 50534 | Slime:5  | Learned a level 1 spell: Apportation
 50544 | Slime:5  | Identified the +14 ice dragon scales "Dihur" {rF- rC++
                  | Slay+4 Stlth-}
 50546 | Slime:5  | Got a slimy rune of Zot
 50549 | Slime:5  | Identified the +6 giant spiked club of Ciqitiekh {drain,
                  | rElec rPois rCorr Int-4}
 50596 | Slime:5  | Identified the +6 rapier "Hutuitwuo" {pain, Dex+4}
 50607 | Slime:5  | Identified the +5 ring mail "Runul" {Str+5}
 50615 | Slime:5  | Identified the +0 falchion of Buhiabb {elec, rF+++ Str+4
                  | Int-4}
 50620 | Slime:5  | Identified the staff of death "Dynohumm" {rC+ rN+ Int+3
                  | Dex+3}
 50622 | Slime:5  | Identified the +4 plate armour of Dishonesty {rPois rC-
                  | Will+ Int+3}
 50652 | Slime:5  | Identified the +11 mace of the Ten Defenders {freeze, rElec
                  | Int-3 Dex+5}
 51731 | Crypt:1  | Entered Level 1 of the Crypt
 51755 | Crypt:1  | Reached skill level 1 in Earth Magic
 51816 | Crypt:1  | You fall into a shaft and drop 1 floor!
 51949 | Crypt:2  | Reached skill level 5 in Earth Magic
 52510 | Crypt:3  | Entered Level 3 of the Crypt
 52789 | Crypt:3  | Reached XP level 25. HP: 243/245 MP: 26/34
 52829 | Crypt:3  | Found an ancient bone altar of Kikubaaqudgha.
 53013 | Crypt:3  | Noticed a dread lich
 53015 | Crypt:3  | Killed a dread lich
 53024 | Crypt:3  | Found the +7 mace of Variability {chaos, chaos arc}
 53477 | Crypt:3  | Found a staircase to the Tomb.
 54763 | Zot:1    | Entered Level 1 of the Realm of Zot
 55540 | Zot:1    | Found the +4 dragonskin cloak
 55540 | Zot:1    | Noticed Tiamat
 55631 | Zot:1    | You fall into a shaft and drop 1 floor!
 55915 | Zot:1    | Killed Tiamat
 56335 | Zot:2    | Reached XP level 26. HP: 258/258 MP: 31/34
 56424 | Zot:2    | Identified the +6 battleaxe "Arbiter" {venom, rN+ Str+3}
 57154 | Zot:3    | Found a hazy altar of Hepliaklqana.
 57166 | Zot:3    | Acquired 687 gold pieces
 57226 | Zot:3    | Found an ancient bone altar of Kikubaaqudgha.
 57884 | Zot:3    | Identified the +4 battleaxe of Ucsewkie {pain, rC+ Str+3
                  | Int+3}
 58350 | Zot:4    | Reached skill level 15 in Invocations
 58861 | Zot:5    | Entered Level 5 of the Realm of Zot
 58906 | Zot:5    | Noticed an orb of fire
 58907 | Zot:5    | Killed an orb of fire
 59101 | Zot:5    | Reached XP level 27. HP: 271/271 MP: 32/34
 59352 | Zot:5    | Noticed a dread lich
 59355 | Zot:5    | Noticed a dread lich
 59364 | Zot:5    | Killed a dread lich
 59365 | Zot:5    | Noticed an ancient lich
 59365 | Zot:5    | Killed an ancient lich
 59367 | Zot:5    | Killed a dread lich
 59367 | Zot:5    | Noticed an orb of fire
 59368 | Zot:5    | Noticed an orb of fire
 59369 | Zot:5    | Killed an orb of fire
 59369 | Zot:5    | Lost mutation: You are weak. (Str -2) [an orb of fire]
 59370 | Zot:5    | Noticed a dread lich
 59372 | Zot:5    | Noticed an ancient lich
 59373 | Zot:5    | Killed a dread lich
 59373 | Zot:5    | Killed an ancient lich
 59373 | Zot:5    | Killed an orb of fire
 59378 | Zot:5    | Noticed an ancient lich
 59381 | Zot:5    | Killed an ancient lich
 59382 | Zot:5    | Reached skill level 10 in Transmutations
 59387 | Zot:5    | Reached skill level 10 in Spellcasting
 59387 | Zot:5    | Noticed an ancient lich
 59388 | Zot:5    | Killed an ancient lich
 59901 | Depths:1 | Bought a manual of Necromancy for 1840 gold pieces
 59905 | Depths:1 | Bought the ring "Imyanke" {rElec rPois EV+5} for 758 gold
                  | pieces
 59933 | Pan      | Entered Pandemonium
 59968 | Pan      | Noticed Lemm the pandemonium lord
 59975 | Pan      | Killed Lemm the pandemonium lord
 60049 | Depths:1 | Escaped Pandemonium
 60051 | Pan      | Entered Pandemonium
 60106 | Pan      | Identified the +3 dagger of the Mosquito {flame, rN+ Dex+5}
 60130 | Pan      | Noticed Rampeack the pandemonium lord
 60132 | Pan      | Killed Rampeack the pandemonium lord
 60133 | Pan      | Reached skill level 15 in Necromancy
 60161 | Pan      | Got a demonic rune of Zot
 60622 | Pan      | Noticed Eveobb the pandemonium lord
 60625 | Pan      | Killed Eveobb the pandemonium lord
 60690 | Pan      | Noticed Kuskem the pandemonium lord
 60694 | Pan      | Killed Kuskem the pandemonium lord
 60749 | Pan      | Entered the realm of Cerebov.
 60848 | Pan      | Identified the +5 shortbow "Bouzot" {antimagic, *Corrode
                  | Str+2 Stlth+}
 60848 | Pan      | Identified the amulet "Etaungur" {Acrobat Int+3 Dex+3}
 60856 | Pan      | Found the +6 sword of Cerebov {flame}
 60856 | Pan      | Noticed Cerebov
 60863 | Pan      | Killed Cerebov
 60872 | Pan      | Identified the ring "Ovvy" {Will+ Int+5}
 60880 | Pan      | Identified the +0 scale mail of Osuighu {Regen+ Int+3
                  | Dex+4}
 60931 | Pan      | Identified the staff of fire "Aryu" {rF+ Str+5}
 60936 | Pan      | Identified the ring "Xiakh" {rN+++ MP+9}
 60966 | Pan      | Got a fiery rune of Zot
 60990 | Pan      | Identified the +5 war axe of the Final Gods {flame, *Noise
                  | rElec rF++ Int-2}
 61117 | Pan      | Identified the +4 long sword "Jellybane" {heavy, *Slow rF+
                  | rC+ Dex+2 Stlth+}
 61125 | Pan      | Got the Atlas of Electrocution and Corpses
 61254 | Pan      | Identified the +9 flail of the Orb {heavy, Str+5 Int+3}
 61258 | Pan      | Identified the +1 mace of the Mushroom {drain, rElec
                  | Stlth+}
 61759 | Pan      | Gained mutation: Armour fits poorly on your strangely
                  | shaped body. [a cacodemon]
 61792 | Pan      | Lost mutation: Armour fits poorly on your strangely shaped
                  | body. [potion of mutation]
 61792 | Pan      | Lost mutation: A frigid envelope surrounds you and freezes
                  | all who hurt you. [potion of mutation]
 61792 | Pan      | Lost mutation: Your spells are a little harder to cast, but
                  | a little more powerful. [potion of mutation]
 61792 | Pan      | Gained mutation: Your spells are a little easier to cast,
                  | but a little less powerful. [potion of mutation]
 61792 | Pan      | Gained mutation: You are dopey. (Int -2) [potion of
                  | mutation]
 61792 | Pan      | Gained mutation: You occasionally shout uncontrollably at
                  | your foes. [potion of mutation]
 61793 | Pan      | Lost mutation: Your spells are a little easier to cast, but
                  | a little less powerful. [potion of mutation]
 61793 | Pan      | Lost mutation: You are dopey. (Int -2) [potion of mutation]
 61793 | Pan      | Lost mutation: You occasionally shout uncontrollably at
                  | your foes. [potion of mutation]
 61793 | Pan      | Gained mutation: You are frail. (-10% HP) [potion of
                  | mutation]
 61793 | Pan      | Gained mutation: You are partially covered in iridescent
                  | scales. (AC +2) [potion of mutation]
 61794 | Pan      | Lost mutation: You are frail. (-10% HP) [potion of
                  | mutation]
 61794 | Pan      | Lost mutation: You are partially covered in iridescent
                  | scales. (AC +2) [potion of mutation]
 61794 | Pan      | Gained mutation: Armour fits poorly on your strangely
                  | shaped body. [potion of mutation]
 61794 | Pan      | Gained mutation: You have supernaturally acute eyesight.
                  | (SInv) [potion of mutation]
 61795 | Pan      | Lost mutation: Armour fits poorly on your strangely shaped
                  | body. [potion of mutation]
 61795 | Pan      | Lost mutation: You have supernaturally acute eyesight.
                  | (SInv) [potion of mutation]
 61795 | Pan      | Gained mutation: You expend magic power (3 MP) to
                  | strengthen your wands. [potion of mutation]
 61830 | Pan      | Learned a level 8 spell: Necromutation
 61830 | Pan      | Gained mutation: Your body sometimes deteriorates upon
                  | taking damage. [a neqoxec]
 62091 | Pan      | Found a huge runed translucent gate.
 62092 | Pan      | Found a huge runed translucent gate.
 62093 | Pan      | Found a huge runed translucent gate.
 62093 | Pan      | Found a huge runed translucent gate.
 62093 | Pan      | Found a huge runed translucent gate.
 62093 | Pan      | Found a huge runed translucent gate.
 62094 | Pan      | Found a huge runed translucent gate.
 62094 | Pan      | Found a huge runed translucent gate.
 62094 | Pan      | Found a huge runed translucent gate.
 62094 | Pan      | Found a huge runed translucent gate.
 62094 | Pan      | Found a huge runed translucent gate.
 62094 | Pan      | Found a huge runed translucent gate.
 62094 | Pan      | Found a huge runed translucent gate.
 62095 | Pan      | Found a huge runed translucent gate.
 62095 | Pan      | Noticed Kab Gole the pandemonium lord
 62096 | Pan      | Found a huge runed translucent gate.
 62097 | Pan      | Found a huge runed translucent gate.
 62097 | Pan      | Found a huge runed translucent gate.
 62172 | Pan      | Identified the +0 scale mail "Mowinual" {Int+3}
 62224 | Pan      | Noticed Binwir the pandemonium lord
 62234 | Pan      | Killed Binwir the pandemonium lord
 62438 | Pan      | Found an exit through the horrors of the Abyss.
 62586 | Pan      | Took an exit into the Abyss.
 62586 | Abyss:4  | Escaped into the Abyss
 62622 | Abyss:4  | Found a corrupted altar of Lugonu.
 62637 | Depths:1 | Escaped the Abyss
 62939 | Elf:1    | Bought a ring of wizardry for 420 gold pieces
 62972 | Elf:1    | Bought a pair of embroidered boots for 202 gold pieces
 64000 | Pan      | Entered the realm of Mnoleg.
 64000 | Pan      | Entered Pandemonium
 64084 | Pan      | Noticed Mnoleg
 64093 | Pan      | Killed Mnoleg
 64196 | Pan      | Got a glowing rune of Zot
 64342 | Pan      | Found an exit through the horrors of the Abyss.
 64429 | Pan      | Identified the +5 ring mail of Prudence {+Inv rN+ Dex+2}
 64600 | Pan      | Noticed Okleat the pandemonium lord
 64604 | Pan      | Killed Okleat the pandemonium lord
 64668 | Pan      | Entered the realm of Lom Lobon.
 64956 | Pan      | Found an exit through the horrors of the Abyss.
 65379 | Pan      | Noticed Lom Lobon
 65383 | Pan      | Killed Lom Lobon
 65402 | Pan      | Got a magical rune of Zot
 65661 | Pan      | Reached skill level 15 in Transmutations
 65697 | Pan      | Found a huge runed translucent gate.
 65699 | Pan      | Found a huge runed translucent gate.
 65700 | Pan      | Found a huge runed translucent gate.
 65700 | Pan      | Found a huge runed translucent gate.
 65700 | Pan      | Found a huge runed translucent gate.
 65700 | Pan      | Found a huge runed translucent gate.
 65701 | Pan      | Found a huge runed translucent gate.
 65825 | Pan      | Noticed Kuwah the pandemonium lord
 65828 | Pan      | Killed Kuwah the pandemonium lord
 66149 | Pan      | Found an exit through the horrors of the Abyss.
 66175 | Pan      | Noticed Unuty the pandemonium lord
 66180 | Pan      | Killed Unuty the pandemonium lord
 66195 | Pan      | Identified the +6 dagger of Havoc {freeze, Str+4 Dex+2}
 66211 | Pan      | Gained mutation: You occasionally lose the ability to read
                  | scrolls when taking damage. [a cacodemon]
 66216 | Pan      | Lost mutation: You occasionally lose the ability to read
                  | scrolls when taking damage. [potion of mutation]
 66216 | Pan      | Lost mutation: Your body sometimes deteriorates upon taking
                  | damage. [potion of mutation]
 66216 | Pan      | Gained mutation: Your body sometimes deteriorates upon
                  | taking damage. [potion of mutation]
 66216 | Pan      | Gained mutation: You are partially covered in large bone
                  | plates. (SH +4) [potion of mutation]
 66229 | Pan      | Identified the +2 mace of Tenacity {freeze, +Blink rC+}
 66259 | Pan      | Entered the realm of Gloorx Vloq.
 66358 | Pan      | Noticed Ignacio
 66362 | Pan      | Killed Ignacio
 66414 | Pan      | Noticed Gloorx Vloq
 66540 | Pan      | Killed Gloorx Vloq
 66547 | Pan      | Got a dark rune of Zot
 67385 | Pan      | Noticed Naprac the pandemonium lord
 67387 | Pan      | Killed Naprac the pandemonium lord
 67620 | Pan      | Noticed Piz Heot the pandemonium lord
 67622 | Pan      | Killed Piz Heot the pandemonium lord
 67684 | Pan      | Identified the +9 sling of Bawetel {drain, rElec Str-3
                  | Dex+5 SInv}
 67724 | Pan      | Found an exit through the horrors of the Abyss.
 68114 | Pan      | Noticed Dyecaf the pandemonium lord
 68116 | Pan      | Killed Dyecaf the pandemonium lord
 68197 | Pan      | Found an exit through the horrors of the Abyss.
 68219 | Pan      | Noticed Piof the pandemonium lord
 68221 | Pan      | Killed Piof the pandemonium lord
 68518 | Pan      | Noticed Sumif the pandemonium lord
 68521 | Pan      | Killed Sumif the pandemonium lord
 68538 | Pan      | Identified the +1 long sword "Pocac" {freeze, rN+ MP+9}
 68556 | Pan      | Found an exit through the horrors of the Abyss.
 68597 | Pan      | Noticed Jytaj the pandemonium lord
 68600 | Pan      | Killed Jytaj the pandemonium lord
 68717 | Pan      | Found an exit through the horrors of the Abyss.
 68881 | Pan      | Identified the +3 robe of the Original Sin {+Inv rF- Str+2
                  | Int+3}
 68991 | Pan      | Found a runed translucent door.
 69212 | Pan      | Found an exit through the horrors of the Abyss.
 69253 | Pan      | Took an exit into the Abyss.
 69253 | Abyss:4  | Escaped into the Abyss
 69254 | Abyss:4  | Found a corrupted altar of Lugonu.
 69281 | Depths:1 | Escaped the Abyss
 69307 | Depths:1 | Bought Weetwu's Spellcraft in Simple Steps for 414 gold
                  | pieces
 69331 | Pan      | Entered Pandemonium
 69463 | Pan      | Found an exit through the horrors of the Abyss.
 70063 | Pan      | Identified the +8 chain mail of Wyixucid {Dex+2}
 70063 | Pan      | Identified the ring "Oganovups" {rF+ Int+5 SInv}
 70063 | Pan      | Noticed a seraph
 70068 | Pan      | Killed a seraph
 70083 | Pan      | Found a glowing golden altar of the Shining One.
 70098 | Pan      | Identified the +7 dagger of Umomut {antimagic, Str+5 Dex-2}
 70099 | Pan      | Identified the +9 short sword of the Lusting Firefly
                  | {drain, Int+2}
 70100 | Pan      | Identified the +0 ring mail of the Pit {rF+ MP+9 Str+3}
 70737 | Pan      | Found a glowing silver altar of Zin.
 72102 | Pan      | Found a glowing silver altar of Zin.
 72287 | Pan      | Found a glowing golden altar of the Shining One.
 73101 | Pan      | Found a white marble altar of Elyvilon.
 73252 | Pan      | Gained mutation: Your magical capacity is low. (-10% MP) [a
                  | neqoxec]
 73261 | Pan      | Lost mutation: You are partially covered in large bone
                  | plates. (SH +4) [potion of mutation]
 73261 | Pan      | Lost mutation: Your body sometimes deteriorates upon taking
                  | damage. [potion of mutation]
 73261 | Pan      | Lost mutation: You expend magic power (3 MP) to strengthen
                  | your wands. [potion of mutation]
 73261 | Pan      | Gained mutation: You occasionally shout uncontrollably at
                  | your foes. [potion of mutation]
 73262 | Pan      | Lost mutation: Your magical capacity is low. (-10% MP)
                  | [potion of mutation]
 73262 | Pan      | Lost mutation: You occasionally shout uncontrollably at
                  | your foes. [potion of mutation]
 73262 | Pan      | Gained mutation: You do not regenerate when monsters are
                  | visible. [potion of mutation]
 73262 | Pan      | Gained mutation: You have a somewhat thin skeletal
                  | structure. (Dex +2, Stealth+) [potion of mutation]
 73263 | Pan      | Lost mutation: You have a somewhat thin skeletal structure.
                  | (Dex +2, Stealth+) [potion of mutation]
 73263 | Pan      | Lost mutation: You do not regenerate when monsters are
                  | visible. [potion of mutation]
 73263 | Pan      | Gained mutation: Your natural rate of healing is unusually
                  | fast. [potion of mutation]
 73311 | Pan      | Noticed Irixzadwu the pandemonium lord
 73314 | Pan      | Killed Irixzadwu the pandemonium lord
 73359 | Pan      | Found a transporter.
 73373 | Pan      | Reached skill level 15 in Spellcasting
 73414 | Pan      | Found a transporter.
 73418 | Pan      | Identified the ring "Mustra" {Will+ rCorr}
 73431 | Pan      | Identified the ring of New Discoveries {Ice Str+5 SInv}
 73443 | Pan      | Found an exit through the horrors of the Abyss.
 73454 | Pan      | Took an exit into the Abyss.
 73454 | Abyss:4  | Escaped into the Abyss
 73455 | Abyss:4  | Found a corrupted altar of Lugonu.
 73504 | Abyss:4  | Found a corrupted altar of Lugonu.
 73532 | Abyss:4  | Found a corrupted altar of Lugonu.
 73551 | Abyss:7  | Entered Level 7 of the Abyss
 73690 | Abyss:7  | Gained mutation: You are frail. (-10% HP) [a neqoxec]
 73782 | Depths:1 | Escaped the Abyss
 73935 | Hell     | Entered the Vestibule of Hell
 73943 | Hell     | Noticed Geryon
 73957 | Hell     | Killed Geryon
 74041 | Hell     | Reached skill level 1 in Throwing
 75948 | Depths:2 | Voluntarily entered the Abyss.
 75948 | Abyss:7  | Entered Level 7 of the Abyss
 75980 | Abyss:7  | Reached skill level 5 in Throwing
 76041 | Abyss:7  | Reached skill level 10 in Throwing
 76057 | Depths:2 | Escaped the Abyss
 76117 | Depths:2 | Voluntarily entered the Abyss.
 76117 | Abyss:7  | Entered Level 7 of the Abyss
 76136 | Abyss:7  | Gained mutation: Your magical capacity is low. (-10% MP) [a
                  | neqoxec]
 76203 | Abyss:7  | Noticed a dread lich
 76204 | Abyss:7  | Killed a dread lich
 76207 | Depths:2 | Escaped the Abyss
 76311 | Depths:2 | Voluntarily entered the Abyss.
 76311 | Abyss:7  | Entered Level 7 of the Abyss
 76329 | Abyss:7  | Reached skill level 15 in Throwing
 76362 | Abyss:7  | Noticed an ancient lich
 76363 | Abyss:7  | Killed an ancient lich
 76408 | Depths:2 | Escaped the Abyss
 76604 | Hell     | Found a gateway to the decaying netherworld of Tartarus.
 76628 | Tar:1    | Entered Level 1 of Tartarus
 76760 | Hell     | Found a gateway to the freezing wastes of Cocytus.
 76781 | Coc:1    | Entered Level 1 of Cocytus
 76875 | Coc:3    | Noticed an ancient lich
 76877 | Coc:3    | Killed an ancient lich
 77045 | Coc:7    | Entered Level 7 of Cocytus
 77283 | Coc:7    | Identified the ring "Nael" {Ice rElec rCorr Dex+2}
 77283 | Coc:7    | Noticed Antaeus
 77291 | Coc:7    | Killed Antaeus
 77317 | Coc:7    | Got an icy rune of Zot
 77320 | Coc:7    | Identified the staff of cold "Yrasuh" {rC+ Str+4 SInv}
 77513 | Coc:7    | Noticed a dread lich
 77516 | Coc:7    | Killed a dread lich
 77635 | Coc:7    | Identified the ring of Gygoff {rF+ rC- Str+5}
 77821 | Hell     | Found a gateway to the ashen valley of Gehenna.
 77855 | Hell     | Found a gateway to the Iron City of Dis.
 77871 | Dis:1    | Entered Level 1 of the Iron City of Dis
 78049 | Dis:7    | Entered Level 7 of the Iron City of Dis
 78101 | Dis:7    | Lost mutation: You are frail. (-10% HP) [potion of
                  | mutation]
 78101 | Dis:7    | Lost mutation: Your natural rate of healing is unusually
                  | fast. [potion of mutation]
 78101 | Dis:7    | Gained mutation: You have hidden genetic potential. [potion
                  | of mutation]
 78101 | Dis:7    | Gained mutation: Armour fits poorly on your strangely
                  | shaped body. [potion of mutation]
 78101 | Dis:7    | Gained mutation: You are agile. (Dex +4, Str/Int -1)
                  | [potion of mutation]
 78102 | Dis:7    | Lost mutation: Your magical capacity is low. (-10% MP)
                  | [potion of mutation]
 78102 | Dis:7    | Lost mutation: You are agile. (Dex +4, Str/Int -1) [potion
                  | of mutation]
 78102 | Dis:7    | Gained mutation: Your natural rate of healing is unusually
                  | fast. [potion of mutation]
 78102 | Dis:7    | Gained mutation: You passively dampen the noise of your
                  | surroundings. [potion of mutation]
 78167 | Dis:7    | Reached skill level 10 in Earth Magic
 78214 | Dis:7    | Noticed an ancient lich
 78217 | Dis:7    | Killed an ancient lich
 78314 | Dis:7    | Gained mutation: You sometimes lose your temper in combat.
                  | [a cacodemon]
 78322 | Dis:7    | Lost mutation: You have hidden genetic potential. [potion
                  | of mutation]
 78322 | Dis:7    | Lost mutation: You sometimes lose your temper in combat.
                  | [potion of mutation]
 78322 | Dis:7    | Gained mutation: You occasionally lose the ability to read
                  | scrolls when taking damage. [potion of mutation]
 78322 | Dis:7    | Gained mutation: You are agile. (Dex +4, Str/Int -1)
                  | [potion of mutation]
 78322 | Dis:7    | Gained mutation: You are somewhat resistant to further
                  | mutation. [potion of mutation]
 78335 | Dis:7    | Identified the +7 plate armour "Boxtuiri" {Will- Dex+8
                  | SInv}
 78351 | Dis:7    | Noticed Dispater
 78357 | Dis:7    | Killed Dispater
 78369 | Dis:7    | Got an iron rune of Zot
 78496 | Dis:7    | Identified the amulet of Wioptox {Spirit *Slow rN++}
 78498 | Dis:7    | Identified the +6 long sword of Doom {freeze, rC+ Dex+5}
 78593 | Dis:7    | Identified the ring "Dioge" {Ice SInv}
 78596 | Dis:7    | Got Soitiara's Final Monograph on the Deep Arts
 79054 | Tar:3    | Reached skill level 15 in Earth Magic
 79070 | Tar:4    | Noticed an ancient lich
 79073 | Tar:4    | Killed an ancient lich
 79180 | Tar:5    | Found a huge runed gate.
 79182 | Tar:5    | Found a huge runed gate.
 79184 | Tar:5    | Found a huge runed gate.
 79184 | Tar:5    | Found a huge runed gate.
 79184 | Tar:5    | Found a huge runed gate.
 79185 | Tar:5    | Found a huge runed gate.
 79185 | Tar:5    | Found a huge runed gate.
 79185 | Tar:5    | Found a huge runed gate.
 79185 | Tar:5    | Found a huge runed gate.
 79189 | Tar:5    | Found a huge runed gate.
 79189 | Tar:5    | Found a huge runed gate.
 79189 | Tar:5    | Found a huge runed gate.
 79189 | Tar:5    | Found a huge runed gate.
 79189 | Tar:5    | Found a huge runed gate.
 79189 | Tar:5    | Found a huge runed gate.
 79192 | Tar:5    | Found a huge runed gate.
 79201 | Tar:5    | Found a huge runed gate.
 79201 | Tar:5    | Found a huge runed gate.
 79201 | Tar:5    | Found a huge runed gate.
 79201 | Tar:5    | Found a huge runed gate.
 79201 | Tar:5    | Found a huge runed gate.
 79201 | Tar:5    | Found a huge runed gate.
 79201 | Tar:5    | Found a huge runed gate.
 79220 | Tar:5    | Found a huge runed gate.
 79220 | Tar:5    | Found a huge runed gate.
 79239 | Tar:5    | Found a huge runed gate.
 79239 | Tar:5    | Found a huge runed gate.
 79239 | Tar:5    | Found a huge runed gate.
 79239 | Tar:5    | Found a huge runed gate.
 79239 | Tar:5    | Found a huge runed gate.
 79240 | Tar:5    | Found a huge runed gate.
 79241 | Tar:5    | Found a huge runed gate.
 79278 | Tar:5    | Noticed an ancient lich
 79283 | Tar:5    | Killed an ancient lich
 79327 | Tar:7    | Entered Level 7 of Tartarus
 79444 | Tar:7    | Noticed Ereshkigal
 79452 | Tar:7    | Killed Ereshkigal
 79547 | Tar:7    | Got a bone rune of Zot
 79704 | Tar:7    | Identified the ring "Zathrin" {rN+ Will+ MP+9}
 79837 | Tar:7    | Noticed an ancient lich
 79837 | Tar:7    | Noticed an ancient lich
 79840 | Tar:7    | Killed an ancient lich
 79841 | Tar:7    | Killed an ancient lich
 79849 | Tar:7    | Identified the ring "Vaduips" {rPois rC+ SInv}
 79903 | Tar:7    | Noticed a dread lich
 79903 | Tar:7    | Noticed a dread lich
 79904 | Tar:7    | Killed a dread lich
 79904 | Tar:7    | Killed a dread lich
 79912 | Tar:7    | Identified the +5 scimitar of Puituif {heavy, rPois rF+
                  | rC-}
 79918 | Tar:7    | Identified the +0 plate armour of Mezcal {Drain rElec rC+}
 80678 | Geh:1    | Entered Level 1 of Gehenna
 80802 | Geh:3    | Noticed an ancient lich
 80805 | Geh:3    | Killed an ancient lich
 80868 | Geh:3    | Noticed a dread lich
 80868 | Geh:3    | Noticed an ancient lich
 80869 | Geh:3    | Noticed a dread lich
 80869 | Geh:3    | Noticed an ancient lich
 80869 | Geh:3    | Noticed a dread lich
 80870 | Geh:3    | Killed an ancient lich
 80870 | Geh:3    | Noticed an ancient lich
 80871 | Geh:3    | Killed a dread lich
 80871 | Geh:3    | Killed a dread lich
 80872 | Geh:3    | Killed an ancient lich
 80872 | Geh:3    | Killed an ancient lich
 80872 | Geh:3    | Noticed a dread lich
 80874 | Geh:3    | Killed a dread lich
 80876 | Geh:3    | Noticed a dread lich
 80876 | Geh:3    | Noticed a dread lich
 80877 | Geh:3    | Killed a dread lich
 80878 | Geh:3    | Killed a dread lich
 80881 | Geh:3    | Killed a dread lich
 80896 | Geh:4    | Noticed a dread lich
 80897 | Geh:4    | Killed a dread lich
 81196 | Geh:7    | Entered Level 7 of Gehenna
 81560 | Geh:7    | Found the +13 sceptre of Asmodeus
 81560 | Geh:7    | Noticed Asmodeus
 81564 | Geh:7    | Killed Asmodeus
 81644 | Geh:7    | Got an obsidian rune of Zot
 81859 | Pan      | Entered Pandemonium
 81859 | Pan      | Found an exit through the horrors of the Abyss.
 82085 | Pan      | Gained mutation: Your body sometimes deteriorates upon
                  | taking damage. [a cacodemon]
 82357 | Pan      | Identified the +0 scale mail of the Orange {rElec rPois
                  | Str-5 SInv}
 82550 | Depths:1 | Escaped Pandemonium
 82693 | Depths:2 | Voluntarily entered the Abyss.
 82693 | Abyss:7  | Entered Level 7 of the Abyss
 82699 | Depths:2 | Escaped the Abyss
 82701 | Depths:2 | Voluntarily entered the Abyss.
 82701 | Abyss:7  | Entered Level 7 of the Abyss
 82868 | Depths:2 | Escaped the Abyss
 83340 | Tomb:1   | Entered Level 1 of the Tomb of the Ancients
 83437 | Tomb:1   | Learned a level 8 spell: Infestation
 83520 | Tomb:1   | Noticed a royal mummy
 83524 | Tomb:1   | Killed a royal mummy
 83568 | Tomb:1   | Noticed a royal mummy
 83569 | Tomb:1   | Killed a royal mummy
 83688 | Tomb:1   | Noticed a royal mummy
 83692 | Tomb:1   | Killed a royal mummy
 83802 | Tomb:2   | Noticed a royal mummy
 83999 | Tomb:2   | Learned a level 5 spell: Silence
 84011 | Tomb:2   | Noticed a royal mummy
 84012 | Tomb:2   | Noticed a royal mummy
 84012 | Tomb:2   | Noticed a royal mummy
 84014 | Tomb:2   | Killed a royal mummy
 84053 | Tomb:2   | Killed a royal mummy
 84070 | Tomb:2   | Killed a royal mummy
 84092 | Tomb:2   | Killed a royal mummy
 84293 | Tomb:2   | Lost mutation: Armour fits poorly on your strangely shaped
                  | body. [potion of mutation]
 84293 | Tomb:2   | Lost mutation: You passively dampen the noise of your
                  | surroundings. [potion of mutation]
 84294 | Tomb:2   | Lost mutation: Your natural rate of healing is unusually
                  | fast. [potion of mutation]
 84294 | Tomb:2   | Lost mutation: You are agile. (Dex +4, Str/Int -1) [potion
                  | of mutation]
 84294 | Tomb:2   | Lost mutation: You occasionally lose the ability to read
                  | scrolls when taking damage. [potion of mutation]
 84340 | Tomb:1   | Noticed a royal mummy
 84340 | Tomb:1   | Noticed a royal mummy
 84340 | Tomb:1   | Noticed a royal mummy
 84340 | Tomb:1   | Noticed a royal mummy
 84340 | Tomb:1   | Noticed a royal mummy
 84341 | Tomb:1   | Noticed a royal mummy
 84341 | Tomb:1   | Noticed a royal mummy
 84344 | Tomb:1   | Killed a royal mummy
 84344 | Tomb:1   | Noticed a royal mummy
 84345 | Tomb:1   | Killed a royal mummy
 84346 | Tomb:1   | Killed a royal mummy
 84346 | Tomb:1   | Noticed a royal mummy
 84347 | Tomb:1   | Killed a royal mummy
 84349 | Tomb:1   | Killed a royal mummy
 84349 | Tomb:1   | Killed a royal mummy
 84350 | Tomb:1   | Killed a royal mummy
 84350 | Tomb:1   | Killed a royal mummy
 84350 | Tomb:1   | Noticed a royal mummy
 84350 | Tomb:1   | Noticed a royal mummy
 84350 | Tomb:1   | Noticed a royal mummy
 84352 | Tomb:1   | Killed a royal mummy
 84353 | Tomb:1   | Noticed a royal mummy
 84353 | Tomb:1   | Killed a royal mummy
 84354 | Tomb:1   | Killed a royal mummy
 84355 | Tomb:1   | Killed a royal mummy
 84361 | Tomb:1   | Killed a royal mummy
 84408 | Tomb:1   | Noticed a royal mummy
 84410 | Tomb:1   | Killed a royal mummy
 84416 | Tomb:1   | Noticed a royal mummy
 84421 | Tomb:1   | Noticed a royal mummy
 84426 | Tomb:1   | Killed a royal mummy
 84426 | Tomb:1   | Noticed a royal mummy
 84427 | Tomb:1   | Killed a royal mummy
 84428 | Tomb:1   | Killed a royal mummy
 84429 | Tomb:1   | Noticed a royal mummy
 84433 | Tomb:1   | Killed a royal mummy
 84435 | Tomb:1   | Noticed a royal mummy
 84441 | Tomb:1   | Killed a royal mummy
 84444 | Tomb:1   | Noticed a royal mummy
 84447 | Tomb:1   | Killed a royal mummy
 84447 | Tomb:1   | Noticed a royal mummy
 84449 | Tomb:1   | Noticed a royal mummy
 84450 | Tomb:1   | Killed a royal mummy
 84451 | Tomb:1   | Killed a royal mummy
 84637 | Tomb:1   | Noticed a royal mummy
 84639 | Tomb:1   | Killed a royal mummy
 85266 | Depths:2 | Voluntarily entered the Abyss.
 85266 | Abyss:7  | Entered Level 7 of the Abyss
 85266 | Abyss:7  | Found a shimmering altar of Xom.
 85266 | Abyss:7  | Found a shimmering altar of Xom.
 85266 | Abyss:7  | Found a shimmering altar of Xom.
 85266 | Abyss:7  | Found a shimmering altar of Xom.
 85266 | Abyss:7  | Found a shimmering altar of Xom.
 85266 | Abyss:7  | Found a shimmering altar of Xom.
 85266 | Abyss:7  | Found a corrupted altar of Lugonu.
 85266 | Abyss:7  | Found a shimmering altar of Xom.
 85267 | Abyss:7  | Noticed an ancient lich
 85269 | Abyss:7  | Killed an ancient lich
 85389 | Depths:2 | Escaped the Abyss
 85478 | Depths:2 | Voluntarily entered the Abyss.
 85478 | Abyss:7  | Entered Level 7 of the Abyss
 85516 | Abyss:7  | Noticed an ancient lich
 85520 | Abyss:7  | Killed an ancient lich
 85658 | Abyss:7  | Found a corrupted altar of Lugonu.
 85682 | Abyss:7  | Found a corrupted altar of Lugonu.
 85684 | Depths:2 | Escaped the Abyss
 86439 | Tomb:3   | Entered Level 3 of the Tomb of the Ancients
 86456 | Tomb:3   | Noticed a royal mummy
 86456 | Tomb:3   | Noticed a royal mummy
 86458 | Tomb:3   | Noticed a royal mummy
 86458 | Tomb:3   | Noticed a royal mummy
 86459 | Tomb:3   | Noticed a royal mummy
 86460 | Tomb:3   | Killed a royal mummy
 86460 | Tomb:3   | Noticed Khufu
 86463 | Tomb:3   | Noticed a royal mummy
 86463 | Tomb:3   | Found the dreamshard necklace {*Dream Drain}
 86545 | Tomb:3   | Killed a royal mummy
 86546 | Tomb:3   | Killed a royal mummy
 86546 | Tomb:3   | Killed a royal mummy
 86547 | Tomb:3   | Killed a royal mummy
 86547 | Tomb:3   | Noticed a royal mummy
 86549 | Tomb:3   | Killed a royal mummy
 86549 | Tomb:3   | Noticed a royal mummy
 86550 | Tomb:3   | Killed Khufu
 86553 | Tomb:3   | Killed a royal mummy
 86553 | Tomb:3   | Killed a royal mummy
 86594 | Tomb:3   | Identified the +6 spear of the Building Enemy {drain, rF+++
                  | Str+3 Dex-3 SInv}
 86595 | Tomb:3   | Acquired Sif Muna's Tome of the Grisly Xenolith
 86596 | Tomb:3   | Identified the +1 quarterstaff of Pegoq {freeze, rF+ SInv}
 86600 | Tomb:3   | Identified the amulet of Creativity {rElec Regen+ Str+3
                  | Int+3 Stlth+}
 86613 | Tomb:3   | Learned a level 9 spell: Shatter
 86635 | Tomb:3   | Identified the +10 double sword "Gaj Puh" {flame, rF+}
 86649 | Tomb:3   | Got the Discourse on Striking
 86665 | Tomb:3   | Identified the +3 flail of Disintegration {freeze, +Blink
                  | rPois Stlth+}
 86924 | Tomb:3   | Got a golden rune of Zot
 88140 | Zot:5    | Got the Orb of Zot
 88516 | D:12     | Noticed Dionoist the pandemonium lord
 88519 | D:12     | Killed Dionoist the pandemonium lord
 88719 | D:1      | Noticed Cutt the pandemonium lord
 88720 | D:1      | Killed Cutt the pandemonium lord
 88803 | D:5      | Noticed Soreraol the pandemonium lord
 88806 | D:5      | Killed Soreraol the pandemonium lord
 88891 | D:$      | Escaped with the Orb!

Illustrated notes

Levels and vault maps discovered:
D:1:      dpeg_arrival_caged_fury, layout_loops_ring, st_stairs_12,
          chequers_serial_rivers_micro_b
D:2:      layout_rooms, minivault_14, hangedman_decor_growths,
          pf_guarded_unrand_delatra, uniq_jessica, uniq_sigmund
D:3:      layout_loops_ring, lemuel_crystal_altar, uniq_natasha
D:4:      layout_basic, serial_shops, shop, amcnicky_mini_pool_small
D:5:      minmay_chambers_of_fours, layout_basic, minmay_temple_entry_slanted,
          minmay_door_square
D:6:      hellmonk_destroyed_diamonds, layout_basic
D:7:      layout_basic, kennysheep_path_1, amcnicky_mini_rare_corridor_liquid,
          minivault_25
D:8:      layout_cave_pods, mainiacjoe_overflow_catwalk_spiral,
          gammafunk_temple_overflow_wave, lair_entry_dummy
D:9:      layout_loops_corners, david_orc_2, enter_bailey_5,
          kb_lookout_dungeons_type
D:10:     gammafunk_boulding_lane, layout_loops_ring,
          gammafunk_ghost_necromancy, chequers_avenue, nrook_mini_vaults,
          minmay_fractal_squares_gapless_5, uniq_harold
D:11:     layout_roguey, serial_shops, shop
D:12:     layout_grid_maze, serial_shops, shop, uniq_gastronok
D:13:     layout_roguey, david_vaults_5
D:14:     minmay_evil_eye, layout_basic, nicolae_vehumet_altar_sigil,
          grunt_ministairs_12, nicolae_dithmenos_the_darkroom
D:15:     grunt_enter_depths_magical_seal, layout_basic, nicolae_benzene_ring,
          gauntlet_entry_generic
Temple:   sentei_temple_godly_chess
Lair:1:   layout_cave_pods, nicolae_quartered_pool_super, uniq_nergalle
Lair:2:   layout_gridlike, minmay_swamp_entry_worms,
          minmay_snake_entry_guardpost_small, uniq_fannar
Lair:3:   layout_roguey [special_room_bee], minmay_stone_trees_large,
          minmay_holes, uniq_sonja
Lair:4:   layout_long_grid, nicolae_slime_entry_slimehenge,
          portal_ice_cave_demonic_guard, nicolae_lair_yak_garden,
          serial_bayou_shore_a, uniq_josephine
Lair:5:   evilmike_catoblepas_cave, layout_big_grid, st_stairs_11
Swamp:1:  layout_falls_marsh, nicolae_swamp_small_spring,
          infiniplex_staircase_pool, uniq_donald, uniq_nikola
Swamp:2:  layout_basic_swamp, nicolae_swamp_treefoil, uniq_frances
Swamp:3:  layout_falls_marsh, hangedman_swamp_ruin_wall,
          nicolae_swamp_spriggan_camp, uniq_louise
Swamp:4:  swamp_basic_johnstein, layout_basic_swamp, nicolae_swamp_godswood,
          nicolae_swamp_wisp_ring_woods
Snake:1:  layout_gridlike, basic_altar, serial_bayou_pond_d,
          nicolae_snake_slithery_corners, minmay_snake_pond
Snake:2:  layout_rooms, nicolae_snake_single_loop, st_stairs_13,
          nicolae_shop_sticking_my_neck_out
Snake:3:  layout_chambers
Snake:4:  johnstein_snake_rune_scales, layout_cave_town, lemuel_fruit_tree,
          uniq_asterion
Slime:1:  layout_caves, cheibrodos_slime_lost_civilization_7
Slime:2:  layout_caves
Slime:3:  layout_caves, nicolae_slime_crime_time
Slime:4:  layout_caves
Slime:5
Orc:1:    layout_caves, serial_shops, shop, abandoned_shop,
          hellmonk_guarded_unrand_dark_maul
Orc:2:    st_orc_town, layout_diamond_mine, basic_altar
Elf:1:    eino_elf_arrival_shootout, layout_gridlike, serial_shops,
          nicolae_shop_tiny_glass, minmay_elf_demonology,
          nicolae_elf_hall_of_bonks, minmay_shoptagon
Elf:2:    elven_hall_of_blades_hangedman_alternative
          [nicolae_blade_entry_pointy_end], layout_geoelf_grid,
          lemuel_upstairs_altar, grunt_megastairs_5
Elf:3:    elf_hall, layout_geoelf_castle,
          ploomutoo_gammafunk_ghost_potion_laboratory, hangedman_feature_mirror
Vaults:1: v_alt_pattern_4, vaults_room_boxed,
          nicolae_vaults_taking_the_gang_shopping, grunt_vaults_bifocal,
          nicolae_vaults_heist, v_misc_12, nicolae_vaults_alarming,
          nicolae_vaults_network_star, ontoclasm_vaults_ligature,
          nicolae_vaults_trapezoid_lopsided_1,
          nicolae_vaults_crenellated_ambush, layout_vaults_chaotic_city,
          serial_shops, nicolae_shop_stone
Vaults:2: v_misc_5, nicolae_vaults_windows_and_doors_thing,
          nicolae_vaults_what_the_h, nicolae_vaults_storage_closets_3,
          minmay_crypt_entry_simple_sparse, hangedman_vaults_stagger,
          hangedman_vaults_cutoff, v_misc_17, nicolae_vaults_shelves_hall,
          nicolae_vaults_trapezoid_1, nicolae_vaults_house_2,
          layout_vaults_omnicross, serial_shops, nicolae_shop_waterfront
Vaults:3: nicolae_vaults_antechamber_and_loot_room, v_misc_15, v_pattern_1,
          nicolae_vaults_two_Ls, nicolae_vaults_trapezoid_3, v_misc_14,
          vaults_mumra_hex, dpeg_vaults_monster_box,
          nicolae_vaults_layer_cake_slice, nicolae_vaults_wine_cellar,
          vaults_room_corners, nicolae_vaults_closet_pinwheel_4,
          nicolae_vaults_little_squares_5, v_misc_25, layout_vaults_ring,
          uniq_frederick
Vaults:4: nicolae_vaults_surprise_closet, nicolae_vaults_double_plus_3,
          hangedman_vaults_corner, nicolae_vaults_closet_pinwheel_1,
          nicolae_vaults_meeting, nicolae_vaults_trapezoid_2,
          nicolae_vaults_two_Ls, vaults_room_pool, v_misc_4,
          layout_vaults_omnigrid, serial_shops, nicolae_shop_back_alley_shop,
          uniq_bai_suzhen, uniq_zenata, uniq_margery
Vaults:5
Crypt:1:  layout_regular_city, grunt_crypt_arrival_split
Crypt:2:  layout_chaotic_city, grunt_megastairs_2
Crypt:3:  church_of_pain_bobbens, layout_chaotic_city,
          nicolae_tomb_entry_grand_gallery
Tomb:1
Tomb:2
Tomb:3
Depths:1: layout_gridlike, grunt_pan_entry_sceptre, marbit_kobold_abyss_entry,
          hell_entry, chequers_serial_rivers_micro_e,
          nicolae_kikubaaqudgha_miasma_corner, minmay_shop_grove
Depths:2: cheibrodos_birdhouse, layout_gridville, hellmouth_1,
          kennysheep_crisscross, rand_demon_pan_entry_5, special_room
          [special_room_magic_class], abyss_entry
Depths:3: gammafunk_corrupted_shrine, layout_gridlike, enter_ziggurat_f,
          minmay_room_of_horrors, gammafunk_ghost_door_vault, pf_coc_iceberg,
          kennysheep_nub
Depths:4: evilmike_zot_entry_basic, layout_basic, pf_hell_entry_tar_river,
          nicolae_uskayaw_dance_hall, uniq_mennas
Hell
Dis:1:    layout_subdivisions
Dis:2:    layout_gridville
Dis:3:    layout_regular_city
Dis:4:    layout_subdivisions
Dis:5:    layout_subdivisions
Dis:6:    layout_subdivisions
Dis:7:    iron_city_of_dis [dis_grunt, dis_wall_3], layout_gridville
Geh:1:    layout_gehenna_lava_caves
Geh:2:    layout_gehenna_pools_basic
Geh:3:    layout_gehenna_lava_caves, nicolae_hells_leichenhalle
Geh:4:    layout_gehenna_pools_box, lemuel_hellion_isle
Geh:5:    layout_gehenna_pools_triple
Geh:6:    layout_gehenna_pools_basic
Geh:7:    geh_hangedman
Coc:1:    layout_ice_bergs
Coc:2:    layout_cocytus_delve
Coc:3:    layout_ice_bergs
Coc:4:    layout_cocytus_water_paths
Coc:5:    layout_cocytus_water_paths
Coc:6:    layout_ice_bergs
Coc:7:    coc_grunt
Tar:1:    layout_grid_maze, nicolae_tar_cuneiform_to_be
Tar:2:    layout_grid_maze
Tar:3:    layout_cathedral_of_symmetry
Tar:4:    hangedman_tartarus_temple_path, layout_cathedral_of_symmetry
Tar:5:    layout_honeycomb, door_vault
Tar:6:    nicolae_tar_funeral_procession, layout_cathedral_of_symmetry,
          evilmike_ambush [evilmike_ambush_outer_doors,
          evilmike_ambush_inner_basic]
Tar:7:    tar_grunt_cathedral
Zot:1:    layout_basic, uniq_tiamat
Zot:2:    layout_gridlike
Zot:3:    kennysheep_room_grid, layout_cathedral_of_symmetry,
          grunt_ministairs_9, hangedman_feature_mirror, hangedman_swamp_dais
Zot:4:    grunt_twist_and_shout, layout_concentric_octagons, drop_trap,
          uniq_josephina
Zot:5:    layout_gridlike

Skill      XL: |  1  2  3  4  5  6  7  8  9 10 11 12 13 14 15 16 17 18 19 20 21 22 23 24 25 26 27 |
---------------+----------------------------------------------------------------------------------+-----
Axes           | 3 4 5 6 8 10 12 13 15 16 18 19 | 19.4
Armour         | 1 2 3 4 5 6 8 9 10 11 12 13 14 15 16 18 20 26 | 26.9
Fighting       | 4 5 6 7 9 10 11 12 13 14 15 16 21 22 23 25 26 | 26.9
Dodging        | 3 5 6 8 9 11 12 15 17 26 | 26.5
Invocations    | 2 5 8 9 10 14 15 19 | 19.1
Translocations | 5 6 10 11 13 | 13.0
Spellcasting   | 3 4 5 6 7 8 15 | 15.7
Maces & Flails | 1 8 10 13 16 18 21 22 24 | 24.6
Transmutations | 8 9 17 | 17.0
Necromancy     | 8 13 24 | 24.9
Earth Magic    | 8 25 | 25.0
Throwing       | 24 | 24.3
Stealth        | |  4.1

Action                     |  1- 3 |  4- 6 |  7- 9 | 10-12 | 13-15 | 16-18 | 19-21 | 22-24 | 25-27 || total
---------------------------+-------+-------+-------+-------+-------+-------+-------+-------+-------++-------
  Melee: Hand axe          |    31 |    19 |       |       |       |       |       |       |       ||    50
         Headbutt          |     4 |     5 |    49 |    68 |   193 |    93 |   124 |   108 |   125 ||   769
         War axe           |       |    39 |   210 |    55 |       |       |       |       |       ||   304
         Battleaxe         |       |       |       |   216 |   698 |   221 |       |       |       ||  1135
         Punch             |       |       |       |     2 |       |       |       |       |       ||     2
         Dire flail        |       |       |       |       |    14 |   198 |       |       |       ||   212
         Maul              |       |       |       |       |     1 |   331 |   428 |   639 |  5839 ||  7238
         Executioner's axe |       |       |       |       |       |       |   457 |   314 |       ||   771
         Eveningstar       |       |       |       |       |       |       |       |    12 |    12 ||    24
  Throw: Dart              |       |     4 |       |     1 |       |       |       |       |       ||     5
         Javelin           |       |       |       |       |       |       |       |       |    27 ||    27
   Cast: Blink             |       |       |       |       |       |     7 |       |       |     9 ||    16
         Vhi's Electric Ch |       |       |       |       |       |    11 |       |       |     1 ||    12
         Passage of Golubr |       |       |       |       |       |     8 |     2 |     7 |    88 ||   105
         Mephitic Cloud    |       |       |       |       |       |     2 |       |       |       ||     2
         Manifold Assault  |       |       |       |       |       |   162 |   191 |   322 |  2835 ||  3510
         Wereblood         |       |       |       |       |       |       |    11 |     6 |    68 ||    85
         Sublimation of Bl |       |       |       |       |       |       |    10 |    29 |   755 ||   794
         Passwall          |       |       |       |       |       |       |       |    16 |    16 ||    32
         Death Channel     |       |       |       |       |       |       |       |       |    94 ||    94
         Necromutation     |       |       |       |       |       |       |       |       |    33 ||    33
         Apportation       |       |       |       |       |       |       |       |       |    17 ||    17
         Statue Form       |       |       |       |       |       |       |       |       |     5 ||     5
 Invoke: Slouch            |       |       |       |       |     7 |     5 |    10 |    10 |    56 ||    88
         Temporal Distorti |       |       |       |       |     1 |     2 |       |     1 |     5 ||     9
         Step From Time    |       |       |       |       |       |       |       |       |     1 ||     1
Ability: End Transformatio |       |       |       |       |       |       |       |       |    16 ||    16
  Evoke: Wand              |       |       |     3 |     4 |     9 |     2 |       |       |    17 ||    35
    Use: Scroll            |     1 |       |       |    13 |     5 |     7 |     9 |    15 |    47 ||    97
         Potion            |     5 |       |     1 |       |     1 |    14 |     1 |     4 |    34 ||    60
   Stab: Sleeping          |       |     2 |     9 |     1 |     6 |     1 |       |       |     2 ||    21
         Distracted        |       |       |     2 |       |     3 |     1 |       |       |     3 ||     9
         Petrified         |       |       |       |       |     8 |       |       |       |       ||     8
         Confused          |       |       |       |       |       |     3 |       |       |       ||     3
 Armour: Scale mail        |    20 |    19 |    72 |       |    14 |       |       |       |       ||   125
         Chain mail        |       |       |    15 |   131 |    61 |   210 |    41 |       |       ||   458
         Ice dragon scales |       |       |       |       |   164 |       |       |     1 |   720 ||   885
         Plate armour      |       |       |       |       |       |       |   292 |   344 |    43 ||   679
         Fire dragon scale |       |       |       |       |       |       |       |       |    96 ||    96
         Skin              |       |       |       |       |       |       |       |       |    29 ||    29
  Dodge: Dodged            |    18 |    27 |   162 |   239 |   762 |   541 |   817 |   697 |  2705 ||  5968
  Block: Other             |       |       |       |       |       |       |       |       |    89 ||    89
